%YAML 1.1
%TAG !u! tag:unity3d.com,2011:
--- !u!1 &1475900311684725137
GameObject:
  m_ObjectHideFlags: 0
  m_CorrespondingSourceObject: {fileID: 0}
  m_PrefabInstance: {fileID: 0}
  m_PrefabAsset: {fileID: 0}
  serializedVersion: 6
  m_Component:
  - component: {fileID: 1475900311684725138}
  - component: {fileID: 1475900311684725228}
  - component: {fileID: 1475900311684725139}
  m_Layer: 5
  m_Name: =
  m_TagString: Untagged
  m_Icon: {fileID: 0}
  m_NavMeshLayer: 0
  m_StaticEditorFlags: 0
  m_IsActive: 1
--- !u!224 &1475900311684725138
RectTransform:
  m_ObjectHideFlags: 0
  m_CorrespondingSourceObject: {fileID: 0}
  m_PrefabInstance: {fileID: 0}
  m_PrefabAsset: {fileID: 0}
  m_GameObject: {fileID: 1475900311684725137}
  m_LocalRotation: {x: 0, y: 0, z: 0, w: 1}
  m_LocalPosition: {x: 0, y: 0, z: 0}
  m_LocalScale: {x: 0.01, y: 0.01, z: 1}
  m_ConstrainProportionsScale: 0
  m_Children: []
  m_Father: {fileID: 1475900312530935265}
  m_RootOrder: 2
  m_LocalEulerAnglesHint: {x: 0, y: 0, z: 0}
  m_AnchorMin: {x: 0.5, y: 0.5}
  m_AnchorMax: {x: 0.5, y: 0.5}
  m_AnchoredPosition: {x: 1.254, y: 0}
  m_SizeDelta: {x: 50, y: 50}
  m_Pivot: {x: 0.5, y: 0.5}
--- !u!222 &1475900311684725228
CanvasRenderer:
  m_ObjectHideFlags: 0
  m_CorrespondingSourceObject: {fileID: 0}
  m_PrefabInstance: {fileID: 0}
  m_PrefabAsset: {fileID: 0}
  m_GameObject: {fileID: 1475900311684725137}
  m_CullTransparentMesh: 0
--- !u!114 &1475900311684725139
MonoBehaviour:
  m_ObjectHideFlags: 0
  m_CorrespondingSourceObject: {fileID: 0}
  m_PrefabInstance: {fileID: 0}
  m_PrefabAsset: {fileID: 0}
  m_GameObject: {fileID: 1475900311684725137}
  m_Enabled: 1
  m_EditorHideFlags: 0
  m_Script: {fileID: 11500000, guid: f4688fdb7df04437aeb418b961361dc5, type: 3}
  m_Name: 
  m_EditorClassIdentifier: 
  m_Material: {fileID: 0}
  m_Color: {r: 1, g: 1, b: 1, a: 1}
  m_RaycastTarget: 1
  m_RaycastPadding: {x: 0, y: 0, z: 0, w: 0}
  m_Maskable: 1
  m_OnCullStateChanged:
    m_PersistentCalls:
      m_Calls: []
  m_text: =
  m_isRightToLeft: 0
  m_fontAsset: {fileID: 11400000, guid: 8f586378b4e144a9851e7b34d9b748ee, type: 2}
  m_sharedMaterial: {fileID: 2180264, guid: 8f586378b4e144a9851e7b34d9b748ee, type: 2}
  m_fontSharedMaterials: []
  m_fontMaterial: {fileID: 0}
  m_fontMaterials: []
  m_fontColor32:
    serializedVersion: 2
    rgba: 4294967295
  m_fontColor: {r: 1, g: 1, b: 1, a: 1}
  m_enableVertexGradient: 0
  m_colorMode: 3
  m_fontColorGradient:
    topLeft: {r: 1, g: 1, b: 1, a: 1}
    topRight: {r: 1, g: 1, b: 1, a: 1}
    bottomLeft: {r: 1, g: 1, b: 1, a: 1}
    bottomRight: {r: 1, g: 1, b: 1, a: 1}
  m_fontColorGradientPreset: {fileID: 0}
  m_spriteAsset: {fileID: 0}
  m_tintAllSprites: 0
  m_StyleSheet: {fileID: 0}
  m_TextStyleHashCode: -1183493901
  m_overrideHtmlColors: 0
  m_faceColor:
    serializedVersion: 2
    rgba: 4294967295
  m_fontSize: 36
  m_fontSizeBase: 36
  m_fontWeight: 400
  m_enableAutoSizing: 0
  m_fontSizeMin: 18
  m_fontSizeMax: 72
  m_fontStyle: 0
  m_HorizontalAlignment: 1
  m_VerticalAlignment: 256
  m_textAlignment: 65535
  m_characterSpacing: 0
  m_wordSpacing: 0
  m_lineSpacing: 0
  m_lineSpacingMax: 0
  m_paragraphSpacing: 0
  m_charWidthMaxAdj: 0
  m_enableWordWrapping: 1
  m_wordWrappingRatios: 0.4
  m_overflowMode: 0
  m_linkedTextComponent: {fileID: 0}
  parentLinkedComponent: {fileID: 0}
  m_enableKerning: 1
  m_enableExtraPadding: 0
  checkPaddingRequired: 0
  m_isRichText: 1
  m_parseCtrlCharacters: 1
  m_isOrthographic: 1
  m_isCullingEnabled: 0
  m_horizontalMapping: 0
  m_verticalMapping: 0
  m_uvLineOffset: 0
  m_geometrySortingOrder: 0
  m_IsTextObjectScaleStatic: 0
  m_VertexBufferAutoSizeReduction: 1
  m_useMaxVisibleDescender: 1
  m_pageToDisplay: 1
  m_margin: {x: 0, y: 0, z: 0, w: 0}
  m_isUsingLegacyAnimationComponent: 0
  m_isVolumetricText: 0
  m_hasFontAssetChanged: 0
  m_baseMaterial: {fileID: 0}
  m_maskOffset: {x: 0, y: 0, z: 0, w: 0}
--- !u!1 &1475900312135718545
GameObject:
  m_ObjectHideFlags: 0
  m_CorrespondingSourceObject: {fileID: 0}
  m_PrefabInstance: {fileID: 0}
  m_PrefabAsset: {fileID: 0}
  serializedVersion: 6
  m_Component:
  - component: {fileID: 1475900312135718546}
  - component: {fileID: 1475900312135718636}
  - component: {fileID: 1475900312135718547}
  m_Layer: 5
  m_Name: '*'
  m_TagString: Untagged
  m_Icon: {fileID: 0}
  m_NavMeshLayer: 0
  m_StaticEditorFlags: 0
  m_IsActive: 1
--- !u!224 &1475900312135718546
RectTransform:
  m_ObjectHideFlags: 0
  m_CorrespondingSourceObject: {fileID: 0}
  m_PrefabInstance: {fileID: 0}
  m_PrefabAsset: {fileID: 0}
  m_GameObject: {fileID: 1475900312135718545}
  m_LocalRotation: {x: 0, y: 0, z: 0, w: 1}
  m_LocalPosition: {x: 0, y: 0, z: 0}
  m_LocalScale: {x: 0.01, y: 0.01, z: 1}
  m_ConstrainProportionsScale: 0
  m_Children: []
  m_Father: {fileID: 1475900312530935265}
  m_RootOrder: 0
  m_LocalEulerAnglesHint: {x: 0, y: 0, z: 0}
  m_AnchorMin: {x: 0.5, y: 0.5}
  m_AnchorMax: {x: 0.5, y: 0.5}
  m_AnchoredPosition: {x: -1.247, y: 0}
  m_SizeDelta: {x: 50, y: 50}
  m_Pivot: {x: 0.5, y: 0.5}
--- !u!222 &1475900312135718636
CanvasRenderer:
  m_ObjectHideFlags: 0
  m_CorrespondingSourceObject: {fileID: 0}
  m_PrefabInstance: {fileID: 0}
  m_PrefabAsset: {fileID: 0}
  m_GameObject: {fileID: 1475900312135718545}
  m_CullTransparentMesh: 0
--- !u!114 &1475900312135718547
MonoBehaviour:
  m_ObjectHideFlags: 0
  m_CorrespondingSourceObject: {fileID: 0}
  m_PrefabInstance: {fileID: 0}
  m_PrefabAsset: {fileID: 0}
  m_GameObject: {fileID: 1475900312135718545}
  m_Enabled: 1
  m_EditorHideFlags: 0
  m_Script: {fileID: 11500000, guid: f4688fdb7df04437aeb418b961361dc5, type: 3}
  m_Name: 
  m_EditorClassIdentifier: 
  m_Material: {fileID: 0}
  m_Color: {r: 1, g: 1, b: 1, a: 1}
  m_RaycastTarget: 1
  m_RaycastPadding: {x: 0, y: 0, z: 0, w: 0}
  m_Maskable: 1
  m_OnCullStateChanged:
    m_PersistentCalls:
      m_Calls: []
  m_text: '*'
  m_isRightToLeft: 0
  m_fontAsset: {fileID: 11400000, guid: 8f586378b4e144a9851e7b34d9b748ee, type: 2}
  m_sharedMaterial: {fileID: 2180264, guid: 8f586378b4e144a9851e7b34d9b748ee, type: 2}
  m_fontSharedMaterials: []
  m_fontMaterial: {fileID: 0}
  m_fontMaterials: []
  m_fontColor32:
    serializedVersion: 2
    rgba: 4294967295
  m_fontColor: {r: 1, g: 1, b: 1, a: 1}
  m_enableVertexGradient: 0
  m_colorMode: 3
  m_fontColorGradient:
    topLeft: {r: 1, g: 1, b: 1, a: 1}
    topRight: {r: 1, g: 1, b: 1, a: 1}
    bottomLeft: {r: 1, g: 1, b: 1, a: 1}
    bottomRight: {r: 1, g: 1, b: 1, a: 1}
  m_fontColorGradientPreset: {fileID: 0}
  m_spriteAsset: {fileID: 0}
  m_tintAllSprites: 0
  m_StyleSheet: {fileID: 0}
  m_TextStyleHashCode: -1183493901
  m_overrideHtmlColors: 0
  m_faceColor:
    serializedVersion: 2
    rgba: 4294967295
  m_fontSize: 36
  m_fontSizeBase: 36
  m_fontWeight: 400
  m_enableAutoSizing: 0
  m_fontSizeMin: 18
  m_fontSizeMax: 72
  m_fontStyle: 0
  m_HorizontalAlignment: 1
  m_VerticalAlignment: 512
  m_textAlignment: 65535
  m_characterSpacing: 0
  m_wordSpacing: 0
  m_lineSpacing: 0
  m_lineSpacingMax: 0
  m_paragraphSpacing: 0
  m_charWidthMaxAdj: 0
  m_enableWordWrapping: 1
  m_wordWrappingRatios: 0.4
  m_overflowMode: 0
  m_linkedTextComponent: {fileID: 0}
  parentLinkedComponent: {fileID: 0}
  m_enableKerning: 1
  m_enableExtraPadding: 0
  checkPaddingRequired: 0
  m_isRichText: 1
  m_parseCtrlCharacters: 1
  m_isOrthographic: 1
  m_isCullingEnabled: 0
  m_horizontalMapping: 0
  m_verticalMapping: 0
  m_uvLineOffset: 0
  m_geometrySortingOrder: 0
  m_IsTextObjectScaleStatic: 0
  m_VertexBufferAutoSizeReduction: 1
  m_useMaxVisibleDescender: 1
  m_pageToDisplay: 1
  m_margin: {x: 0, y: 0, z: 0, w: 0}
  m_isUsingLegacyAnimationComponent: 0
  m_isVolumetricText: 0
  m_hasFontAssetChanged: 0
  m_baseMaterial: {fileID: 0}
  m_maskOffset: {x: 0, y: 0, z: 0, w: 0}
--- !u!1 &1475900312300801246
GameObject:
  m_ObjectHideFlags: 0
  m_CorrespondingSourceObject: {fileID: 0}
  m_PrefabInstance: {fileID: 0}
  m_PrefabAsset: {fileID: 0}
  serializedVersion: 6
  m_Component:
  - component: {fileID: 1475900312300801247}
  - component: {fileID: 7743276858261745086}
  - component: {fileID: 2474682957269059896}
  m_Layer: 0
  m_Name: Cube Matrix Preview
  m_TagString: Untagged
  m_Icon: {fileID: 0}
  m_NavMeshLayer: 0
  m_StaticEditorFlags: 0
  m_IsActive: 1
--- !u!4 &1475900312300801247
Transform:
  m_ObjectHideFlags: 0
  m_CorrespondingSourceObject: {fileID: 0}
  m_PrefabInstance: {fileID: 0}
  m_PrefabAsset: {fileID: 0}
  m_GameObject: {fileID: 1475900312300801246}
  m_LocalRotation: {x: 0, y: 0, z: 0, w: 1}
  m_LocalPosition: {x: 0, y: 6.25, z: 0}
  m_LocalScale: {x: 0.375, y: 0.375, z: 0.375}
  m_ConstrainProportionsScale: 0
  m_Children:
  - {fileID: 506088276286045886}
  - {fileID: 3458979410865461065}
  - {fileID: 497192969946958511}
  m_Father: {fileID: 0}
  m_RootOrder: 0
  m_LocalEulerAnglesHint: {x: 0, y: 0, z: 0}
--- !u!114 &7743276858261745086
MonoBehaviour:
  m_ObjectHideFlags: 0
  m_CorrespondingSourceObject: {fileID: 0}
  m_PrefabInstance: {fileID: 0}
  m_PrefabAsset: {fileID: 0}
  m_GameObject: {fileID: 1475900312300801246}
  m_Enabled: 1
  m_EditorHideFlags: 0
  m_Script: {fileID: 11500000, guid: 7d32e7141ea8fb94fa22e8979f5d0c1f, type: 3}
  m_Name: 
  m_EditorClassIdentifier: 
  onEnabled:
    m_PersistentCalls:
      m_Calls: []
  onDisabled:
    m_PersistentCalls:
      m_Calls: []
--- !u!114 &2474682957269059896
MonoBehaviour:
  m_ObjectHideFlags: 0
  m_CorrespondingSourceObject: {fileID: 0}
  m_PrefabInstance: {fileID: 0}
  m_PrefabAsset: {fileID: 0}
  m_GameObject: {fileID: 1475900312300801246}
  m_Enabled: 1
  m_EditorHideFlags: 0
  m_Script: {fileID: 11500000, guid: 127a62b5655cba444ac422a5e85fd14c, type: 3}
  m_Name: 
  m_EditorClassIdentifier: 
  rotationMatrixHighlight: {fileID: 0}
  scaleMatrixHighlight: {fileID: 0}
  transformedCubeDirector: {fileID: 3458979410865461060}
--- !u!1 &1475900312530935264
GameObject:
  m_ObjectHideFlags: 0
  m_CorrespondingSourceObject: {fileID: 0}
  m_PrefabInstance: {fileID: 0}
  m_PrefabAsset: {fileID: 0}
  serializedVersion: 6
  m_Component:
  - component: {fileID: 1475900312530935265}
  - component: {fileID: 1475900312530935292}
  - component: {fileID: 1475900312530935267}
  - component: {fileID: 1475900312530935266}
  m_Layer: 5
  m_Name: Operators
  m_TagString: Untagged
  m_Icon: {fileID: 0}
  m_NavMeshLayer: 0
  m_StaticEditorFlags: 0
  m_IsActive: 1
--- !u!224 &1475900312530935265
RectTransform:
  m_ObjectHideFlags: 0
  m_CorrespondingSourceObject: {fileID: 0}
  m_PrefabInstance: {fileID: 0}
  m_PrefabAsset: {fileID: 0}
  m_GameObject: {fileID: 1475900312530935264}
  m_LocalRotation: {x: -0, y: -0, z: -0, w: 1}
  m_LocalPosition: {x: 0, y: 0, z: -0.7999995}
  m_LocalScale: {x: 1, y: 1, z: 1}
  m_ConstrainProportionsScale: 0
  m_Children:
  - {fileID: 1475900312135718546}
  - {fileID: 8120609060766635910}
  - {fileID: 1475900311684725138}
  m_Father: {fileID: 497192969946958511}
  m_RootOrder: 4
  m_LocalEulerAnglesHint: {x: 0, y: 0, z: 0}
  m_AnchorMin: {x: 0, y: 0}
  m_AnchorMax: {x: 0, y: 0}
  m_AnchoredPosition: {x: 0, y: -3.3909996}
  m_SizeDelta: {x: 972, y: 531}
  m_Pivot: {x: 0.5, y: 0.5}
--- !u!223 &1475900312530935292
Canvas:
  m_ObjectHideFlags: 0
  m_CorrespondingSourceObject: {fileID: 0}
  m_PrefabInstance: {fileID: 0}
  m_PrefabAsset: {fileID: 0}
  m_GameObject: {fileID: 1475900312530935264}
  m_Enabled: 1
  serializedVersion: 3
  m_RenderMode: 2
  m_Camera: {fileID: 0}
  m_PlaneDistance: 100
  m_PixelPerfect: 0
  m_ReceivesEvents: 1
  m_OverrideSorting: 0
  m_OverridePixelPerfect: 0
  m_SortingBucketNormalizedSize: 0
  m_AdditionalShaderChannelsFlag: 25
  m_SortingLayerID: 0
  m_SortingOrder: 0
  m_TargetDisplay: 0
--- !u!114 &1475900312530935267
MonoBehaviour:
  m_ObjectHideFlags: 0
  m_CorrespondingSourceObject: {fileID: 0}
  m_PrefabInstance: {fileID: 0}
  m_PrefabAsset: {fileID: 0}
  m_GameObject: {fileID: 1475900312530935264}
  m_Enabled: 1
  m_EditorHideFlags: 0
  m_Script: {fileID: 11500000, guid: 0cd44c1031e13a943bb63640046fad76, type: 3}
  m_Name: 
  m_EditorClassIdentifier: 
  m_UiScaleMode: 0
  m_ReferencePixelsPerUnit: 100
  m_ScaleFactor: 1
  m_ReferenceResolution: {x: 800, y: 600}
  m_ScreenMatchMode: 0
  m_MatchWidthOrHeight: 0
  m_PhysicalUnit: 3
  m_FallbackScreenDPI: 96
  m_DefaultSpriteDPI: 96
  m_DynamicPixelsPerUnit: 1
  m_PresetInfoIsWorld: 1
--- !u!114 &1475900312530935266
MonoBehaviour:
  m_ObjectHideFlags: 0
  m_CorrespondingSourceObject: {fileID: 0}
  m_PrefabInstance: {fileID: 0}
  m_PrefabAsset: {fileID: 0}
  m_GameObject: {fileID: 1475900312530935264}
  m_Enabled: 1
  m_EditorHideFlags: 0
  m_Script: {fileID: 11500000, guid: dc42784cf147c0c48a680349fa168899, type: 3}
  m_Name: 
  m_EditorClassIdentifier: 
  m_IgnoreReversedGraphics: 1
  m_BlockingObjects: 0
  m_BlockingMask:
    serializedVersion: 2
    m_Bits: 4294967295
--- !u!1 &3458979410865461066
GameObject:
  m_ObjectHideFlags: 0
  m_CorrespondingSourceObject: {fileID: 0}
  m_PrefabInstance: {fileID: 0}
  m_PrefabAsset: {fileID: 0}
  serializedVersion: 6
  m_Component:
  - component: {fileID: 3458979410865461065}
  - component: {fileID: 3458979410865461086}
  - component: {fileID: 3458979410865461087}
  - component: {fileID: 3458979410865461056}
  - component: {fileID: 3458979410865461057}
  - component: {fileID: 3458979410865461058}
  - component: {fileID: 3458979410865461059}
  - component: {fileID: 3458979410865461060}
  - component: {fileID: 3458979410865461061}
  - component: {fileID: 3458979410865461062}
  - component: {fileID: 3458979410865461064}
  - component: {fileID: 9120974583710379828}
  - component: {fileID: 819334869590115603}
  m_Layer: 0
  m_Name: Transformed Cube Director
  m_TagString: Untagged
  m_Icon: {fileID: 0}
  m_NavMeshLayer: 0
  m_StaticEditorFlags: 0
  m_IsActive: 1
--- !u!4 &3458979410865461065
Transform:
  m_ObjectHideFlags: 0
  m_CorrespondingSourceObject: {fileID: 0}
  m_PrefabInstance: {fileID: 0}
  m_PrefabAsset: {fileID: 0}
  m_GameObject: {fileID: 3458979410865461066}
  m_LocalRotation: {x: 0, y: 0, z: 0, w: 1}
  m_LocalPosition: {x: 0, y: 0, z: 0}
  m_LocalScale: {x: 1, y: 1, z: 1}
  m_ConstrainProportionsScale: 0
  m_Children: []
  m_Father: {fileID: 1475900312300801247}
  m_RootOrder: 1
  m_LocalEulerAnglesHint: {x: 0, y: 0, z: 0}
--- !u!33 &3458979410865461086
MeshFilter:
  m_ObjectHideFlags: 0
  m_CorrespondingSourceObject: {fileID: 0}
  m_PrefabInstance: {fileID: 0}
  m_PrefabAsset: {fileID: 0}
  m_GameObject: {fileID: 3458979410865461066}
  m_Mesh: {fileID: 10202, guid: 0000000000000000e000000000000000, type: 0}
--- !u!23 &3458979410865461087
MeshRenderer:
  m_ObjectHideFlags: 0
  m_CorrespondingSourceObject: {fileID: 0}
  m_PrefabInstance: {fileID: 0}
  m_PrefabAsset: {fileID: 0}
  m_GameObject: {fileID: 3458979410865461066}
  m_Enabled: 1
  m_CastShadows: 1
  m_ReceiveShadows: 1
  m_DynamicOccludee: 1
  m_StaticShadowCaster: 0
  m_MotionVectors: 1
  m_LightProbeUsage: 1
  m_ReflectionProbeUsage: 1
  m_RayTracingMode: 2
  m_RayTraceProcedural: 0
  m_RenderingLayerMask: 1
  m_RendererPriority: 0
  m_Materials:
  - {fileID: 2100000, guid: e086c4fb0fb094a378fd9e4a7e53d5be, type: 2}
  m_StaticBatchInfo:
    firstSubMesh: 0
    subMeshCount: 0
  m_StaticBatchRoot: {fileID: 0}
  m_ProbeAnchor: {fileID: 0}
  m_LightProbeVolumeOverride: {fileID: 0}
  m_ScaleInLightmap: 1
  m_ReceiveGI: 1
  m_PreserveUVs: 0
  m_IgnoreNormalsForChartDetection: 0
  m_ImportantGI: 0
  m_StitchLightmapSeams: 1
  m_SelectedEditorRenderState: 3
  m_MinimumChartSize: 4
  m_AutoUVMaxDistance: 0.5
  m_AutoUVMaxAngle: 89
  m_LightmapParameters: {fileID: 0}
  m_SortingLayerID: 0
  m_SortingLayer: 0
  m_SortingOrder: 0
  m_AdditionalVertexStreams: {fileID: 0}
--- !u!65 &3458979410865461056
BoxCollider:
  m_ObjectHideFlags: 0
  m_CorrespondingSourceObject: {fileID: 0}
  m_PrefabInstance: {fileID: 0}
  m_PrefabAsset: {fileID: 0}
  m_GameObject: {fileID: 3458979410865461066}
  m_Material: {fileID: 0}
  m_IsTrigger: 0
  m_Enabled: 1
  serializedVersion: 2
  m_Size: {x: 1, y: 1, z: 1}
  m_Center: {x: 0, y: 0, z: 0}
--- !u!114 &3458979410865461057
MonoBehaviour:
  m_ObjectHideFlags: 0
  m_CorrespondingSourceObject: {fileID: 0}
  m_PrefabInstance: {fileID: 0}
  m_PrefabAsset: {fileID: 0}
  m_GameObject: {fileID: 3458979410865461066}
  m_Enabled: 1
  m_EditorHideFlags: 0
  m_Script: {fileID: 11500000, guid: 6d15c6a6feb88674e828e168e53126d0, type: 3}
  m_Name: 
  m_EditorClassIdentifier: 
  isLoop: 0
  durationInSeconds: 12
  path:
  - {x: 1, y: 0, z: 0}
  - {x: 0, y: 0, z: 0}
  - {x: -1, y: 0, z: 0}
  - {x: 0, y: 0, z: 0}
  - {x: 0, y: 1, z: 0}
  - {x: 0, y: 0, z: 0}
  - {x: 0, y: -1, z: 0}
  - {x: 0, y: 0, z: 0}
  - {x: 0, y: 0, z: 1}
  - {x: 0, y: 0, z: 0}
  - {x: 0, y: 0, z: -1}
  - {x: 0, y: 0, z: 0}
  autostart: 1
  maxEventCalls: 1
  prependStartPosition: 1
  onFinishAnimation:
    m_PersistentCalls:
      m_Calls:
      - m_Target: {fileID: 3458979410865461058}
        m_TargetAssemblyTypeName: OmiLAXR.Path.PathDriver, OmiLAXR
        m_MethodName: Play
        m_Mode: 1
        m_Arguments:
          m_ObjectArgument: {fileID: 0}
          m_ObjectArgumentAssemblyTypeName: UnityEngine.Object, UnityEngine
          m_IntArgument: 0
          m_FloatArgument: 0
          m_StringArgument: 
          m_BoolArgument: 0
        m_CallState: 2
--- !u!114 &3458979410865461058
MonoBehaviour:
  m_ObjectHideFlags: 0
  m_CorrespondingSourceObject: {fileID: 0}
  m_PrefabInstance: {fileID: 0}
  m_PrefabAsset: {fileID: 0}
  m_GameObject: {fileID: 3458979410865461066}
  m_Enabled: 1
  m_EditorHideFlags: 0
  m_Script: {fileID: 11500000, guid: d9800d2ef3374684481fc880be043750, type: 3}
  m_Name: 
  m_EditorClassIdentifier: 
  isLoop: 0
  durationInSeconds: 24
  path:
  - {x: 360, y: 0, z: 0}
  - {x: 0, y: 0, z: 0}
  - {x: -360, y: 0, z: 0}
  - {x: 0, y: 0, z: 0}
  - {x: 0, y: 360, z: 0}
  - {x: 0, y: 0, z: 0}
  - {x: 0, y: -360, z: 0}
  - {x: 0, y: 0, z: 0}
  - {x: 0, y: 0, z: 360}
  - {x: 0, y: 0, z: 0}
  - {x: 0, y: 0, z: -360}
  - {x: 0, y: 0, z: 0}
  autostart: 0
  maxEventCalls: 1
  prependStartPosition: 1
  onFinishAnimation:
    m_PersistentCalls:
      m_Calls:
      - m_Target: {fileID: 3458979410865461059}
        m_TargetAssemblyTypeName: OmiLAXR.Path.PathDriver, OmiLAXR
        m_MethodName: Play
        m_Mode: 1
        m_Arguments:
          m_ObjectArgument: {fileID: 0}
          m_ObjectArgumentAssemblyTypeName: UnityEngine.Object, UnityEngine
          m_IntArgument: 0
          m_FloatArgument: 0
          m_StringArgument: 
          m_BoolArgument: 0
        m_CallState: 2
--- !u!114 &3458979410865461059
MonoBehaviour:
  m_ObjectHideFlags: 0
  m_CorrespondingSourceObject: {fileID: 0}
  m_PrefabInstance: {fileID: 0}
  m_PrefabAsset: {fileID: 0}
  m_GameObject: {fileID: 3458979410865461066}
  m_Enabled: 1
  m_EditorHideFlags: 0
  m_Script: {fileID: 11500000, guid: 3f41c7d5f2ad0a946bc51a1ff375571b, type: 3}
  m_Name: 
  m_EditorClassIdentifier: 
  isLoop: 1
  durationInSeconds: 24
  path:
  - {x: 2, y: 1, z: 1}
  - {x: 1, y: 1, z: 1}
  - {x: 0.5, y: 1, z: 1}
  - {x: 1, y: 1, z: 1}
  - {x: 1, y: 2, z: 1}
  - {x: 1, y: 1, z: 1}
  - {x: 1, y: 0.5, z: 1}
  - {x: 1, y: 1, z: 1}
  - {x: 1, y: 1, z: 2}
  - {x: 1, y: 1, z: 1}
  - {x: 1, y: 1, z: 0.5}
  - {x: 1, y: 1, z: 1}
  autostart: 0
  maxEventCalls: 1
  prependStartPosition: 1
  onFinishAnimation:
    m_PersistentCalls:
      m_Calls:
      - m_Target: {fileID: 3458979410865461057}
        m_TargetAssemblyTypeName: OmiLAXR.Path.PathDriver, OmiLAXR
        m_MethodName: SetLoop
        m_Mode: 6
        m_Arguments:
          m_ObjectArgument: {fileID: 0}
          m_ObjectArgumentAssemblyTypeName: UnityEngine.Object, UnityEngine
          m_IntArgument: 0
          m_FloatArgument: 0
          m_StringArgument: 
          m_BoolArgument: 1
        m_CallState: 2
      - m_Target: {fileID: 3458979410865461058}
        m_TargetAssemblyTypeName: OmiLAXR.Path.PathDriver, OmiLAXR
        m_MethodName: SetLoop
        m_Mode: 6
        m_Arguments:
          m_ObjectArgument: {fileID: 0}
          m_ObjectArgumentAssemblyTypeName: UnityEngine.Object, UnityEngine
          m_IntArgument: 0
          m_FloatArgument: 0
          m_StringArgument: 
          m_BoolArgument: 1
        m_CallState: 2
      - m_Target: {fileID: 3458979410865461057}
        m_TargetAssemblyTypeName: OmiLAXR.Path.PathDriver, OmiLAXR
        m_MethodName: Play
        m_Mode: 1
        m_Arguments:
          m_ObjectArgument: {fileID: 0}
          m_ObjectArgumentAssemblyTypeName: UnityEngine.Object, UnityEngine
          m_IntArgument: 0
          m_FloatArgument: 0
          m_StringArgument: 
          m_BoolArgument: 1
        m_CallState: 2
      - m_Target: {fileID: 3458979410865461058}
        m_TargetAssemblyTypeName: OmiLAXR.Path.PathDriver, OmiLAXR
        m_MethodName: Play
        m_Mode: 1
        m_Arguments:
          m_ObjectArgument: {fileID: 0}
          m_ObjectArgumentAssemblyTypeName: UnityEngine.Object, UnityEngine
          m_IntArgument: 0
          m_FloatArgument: 0
          m_StringArgument: 
          m_BoolArgument: 1
        m_CallState: 2
--- !u!320 &3458979410865461060
PlayableDirector:
  m_ObjectHideFlags: 0
  m_CorrespondingSourceObject: {fileID: 0}
  m_PrefabInstance: {fileID: 0}
  m_PrefabAsset: {fileID: 0}
  m_GameObject: {fileID: 3458979410865461066}
  m_Enabled: 1
  serializedVersion: 3
  m_PlayableAsset: {fileID: 11400000, guid: 751ec5a1ffb1a5f4890d7f36a98e6b08, type: 2}
  m_InitialState: 1
  m_WrapMode: 2
  m_DirectorUpdateMode: 1
  m_InitialTime: 0
  m_SceneBindings:
  - key: {fileID: -7204146047557883154, guid: 751ec5a1ffb1a5f4890d7f36a98e6b08, type: 2}
    value: {fileID: 0}
  - key: {fileID: 4659020822665341284, guid: 751ec5a1ffb1a5f4890d7f36a98e6b08, type: 2}
    value: {fileID: 0}
  - key: {fileID: -3744799330169311811, guid: 751ec5a1ffb1a5f4890d7f36a98e6b08, type: 2}
    value: {fileID: 0}
  - key: {fileID: 7911147769123722294, guid: 751ec5a1ffb1a5f4890d7f36a98e6b08, type: 2}
    value: {fileID: 0}
  m_ExposedReferences:
    m_References: []
--- !u!114 &3458979410865461061
MonoBehaviour:
  m_ObjectHideFlags: 0
  m_CorrespondingSourceObject: {fileID: 0}
  m_PrefabInstance: {fileID: 0}
  m_PrefabAsset: {fileID: 0}
  m_GameObject: {fileID: 3458979410865461066}
  m_Enabled: 1
  m_EditorHideFlags: 0
  m_Script: {fileID: 11500000, guid: e52de21a22b6dd44c9cc19f810c65059, type: 3}
  m_Name: 
  m_EditorClassIdentifier: 
  m_Events:
    m_Signals:
    - {fileID: 11400000, guid: 7c8279b6191caea4d95a68aadfccbc8d, type: 2}
    m_Events:
    - m_PersistentCalls:
        m_Calls:
        - m_Target: {fileID: 3458979410865461060}
          m_TargetAssemblyTypeName: 
          m_MethodName: Stop
          m_Mode: 1
          m_Arguments:
            m_ObjectArgument: {fileID: 0}
            m_ObjectArgumentAssemblyTypeName: UnityEngine.Object, UnityEngine
            m_IntArgument: 0
            m_FloatArgument: 0
            m_StringArgument: 
            m_BoolArgument: 0
          m_CallState: 2
--- !u!114 &3458979410865461062
MonoBehaviour:
  m_ObjectHideFlags: 0
  m_CorrespondingSourceObject: {fileID: 0}
  m_PrefabInstance: {fileID: 0}
  m_PrefabAsset: {fileID: 0}
  m_GameObject: {fileID: 3458979410865461066}
  m_Enabled: 1
  m_EditorHideFlags: 0
  m_Script: {fileID: 11500000, guid: 99a741ed36220534d8c8b4ed8742a73e, type: 3}
  m_Name: 
  m_EditorClassIdentifier: 
  customTrackingName: Transforming Cube
  trackPosition: 0
  trackRotation: 0
  trackScale: 0
  autoRegister: 1
  enableEyeTracking: 1
  trackHandsInteration: 1
  trackPointing: 1
  trackDestroy: 0
  onTracked:
    m_PersistentCalls:
      m_Calls: []
  onRegistered:
    m_PersistentCalls:
      m_Calls: []
--- !u!114 &3458979410865461064
MonoBehaviour:
  m_ObjectHideFlags: 0
  m_CorrespondingSourceObject: {fileID: 0}
  m_PrefabInstance: {fileID: 0}
  m_PrefabAsset: {fileID: 0}
  m_GameObject: {fileID: 3458979410865461066}
  m_Enabled: 1
  m_EditorHideFlags: 0
  m_Script: {fileID: 11500000, guid: e7a5f88831674785b0dd99cc863f00f7, type: 3}
  m_Name: 
  m_EditorClassIdentifier: 
  activateActionSetOnAttach:
    actionSetPath: 
  hideHandOnAttach: 1
  hideSkeletonOnAttach: 0
  hideControllerOnAttach: 0
  handAnimationOnPickup: 0
  setRangeOfMotionOnPickup: -1
  useHandObjectAttachmentPoint: 1
  attachEaseIn: 0
  snapAttachEaseInCurve:
    serializedVersion: 2
    m_Curve:
    - serializedVersion: 3
      time: 0
      value: 0
      inSlope: 0
      outSlope: 0
      tangentMode: 0
      weightedMode: 0
      inWeight: 0
      outWeight: 0
    - serializedVersion: 3
      time: 1
      value: 1
      inSlope: 0
      outSlope: 0
      tangentMode: 0
      weightedMode: 0
      inWeight: 0
      outWeight: 0
    m_PreInfinity: 2
    m_PostInfinity: 2
    m_RotationOrder: 4
  snapAttachEaseInTime: 0.15
  snapAttachEaseInCompleted: 0
  skeletonPoser: {fileID: 0}
  handFollowTransform: 1
  highlightOnHover: 1
  hideHighlight: []
  hoverPriority: 0
--- !u!114 &9120974583710379828
MonoBehaviour:
  m_ObjectHideFlags: 0
  m_CorrespondingSourceObject: {fileID: 0}
  m_PrefabInstance: {fileID: 0}
  m_PrefabAsset: {fileID: 0}
  m_GameObject: {fileID: 3458979410865461066}
  m_Enabled: 1
  m_EditorHideFlags: 0
  m_Script: {fileID: 11500000, guid: 6a30e85d031383849a59a0f1b1c6e089, type: 3}
  m_Name: 
  m_EditorClassIdentifier: 
  onFocused:
    m_PersistentCalls:
      m_Calls: []
  onBlur:
    m_PersistentCalls:
      m_Calls: []
--- !u!114 &819334869590115603
MonoBehaviour:
  m_ObjectHideFlags: 0
  m_CorrespondingSourceObject: {fileID: 0}
  m_PrefabInstance: {fileID: 0}
  m_PrefabAsset: {fileID: 0}
  m_GameObject: {fileID: 3458979410865461066}
  m_Enabled: 1
  m_EditorHideFlags: 0
  m_Script: {fileID: 11500000, guid: f275b00fba4854041a3931c213b5e38f, type: 3}
  m_Name: 
  m_EditorClassIdentifier: 
  hoverMaterial: {fileID: 0}
  selectMaterial: {fileID: 0}
  reactsOnLeftPointer: 1
  reactsOnRightPointer: 1
  allowSelection: 1
  allowClick: 1
  allowHover: 1
  enableDefaultMouseInteractions: 1
  outlineOnHover: 0
  onClick:
    m_PersistentCalls:
      m_Calls: []
  onHover:
    m_PersistentCalls:
      m_Calls: []
  onUnhover:
    m_PersistentCalls:
      m_Calls: []
  onSelect:
    m_PersistentCalls:
      m_Calls: []
  onUnselect:
    m_PersistentCalls:
      m_Calls: []
  onPressed:
    m_PersistentCalls:
      m_Calls: []
  onReleased:
    m_PersistentCalls:
      m_Calls: []
  onIsHolding:
    m_PersistentCalls:
      m_Calls: []
  onBeginHolding:
    m_PersistentCalls:
      m_Calls: []
  onEndHolding:
    m_PersistentCalls:
      m_Calls: []
--- !u!1 &5555007393852419211
GameObject:
  m_ObjectHideFlags: 0
  m_CorrespondingSourceObject: {fileID: 0}
  m_PrefabInstance: {fileID: 0}
  m_PrefabAsset: {fileID: 0}
  serializedVersion: 6
  m_Component:
  - component: {fileID: 497192969946958511}
  m_Layer: 0
  m_Name: Matrices
  m_TagString: Untagged
  m_Icon: {fileID: 0}
  m_NavMeshLayer: 0
  m_StaticEditorFlags: 0
  m_IsActive: 1
--- !u!4 &497192969946958511
Transform:
  m_ObjectHideFlags: 0
  m_CorrespondingSourceObject: {fileID: 0}
  m_PrefabInstance: {fileID: 0}
  m_PrefabAsset: {fileID: 0}
  m_GameObject: {fileID: 5555007393852419211}
  m_LocalRotation: {x: 0.2588191, y: 0, z: 0, w: 0.9659258}
  m_LocalPosition: {x: 0, y: 0.608, z: -0.252}
  m_LocalScale: {x: 1, y: 1, z: 1}
  m_ConstrainProportionsScale: 0
  m_Children:
  - {fileID: 8652511293766817374}
  - {fileID: 3599110287903400775}
  - {fileID: 3908339920686185589}
  - {fileID: 6457581383822404260}
  - {fileID: 1475900312530935265}
  m_Father: {fileID: 1475900312300801247}
  m_RootOrder: 2
  m_LocalEulerAnglesHint: {x: 30, y: 0, z: 0}
--- !u!1 &8120609060766635911
GameObject:
  m_ObjectHideFlags: 0
  m_CorrespondingSourceObject: {fileID: 0}
  m_PrefabInstance: {fileID: 0}
  m_PrefabAsset: {fileID: 0}
  serializedVersion: 6
  m_Component:
  - component: {fileID: 8120609060766635910}
  - component: {fileID: 8120609060766635908}
  - component: {fileID: 8120609060766635909}
  m_Layer: 5
  m_Name: '*'
  m_TagString: Untagged
  m_Icon: {fileID: 0}
  m_NavMeshLayer: 0
  m_StaticEditorFlags: 0
  m_IsActive: 1
--- !u!224 &8120609060766635910
RectTransform:
  m_ObjectHideFlags: 0
  m_CorrespondingSourceObject: {fileID: 0}
  m_PrefabInstance: {fileID: 0}
  m_PrefabAsset: {fileID: 0}
  m_GameObject: {fileID: 8120609060766635911}
  m_LocalRotation: {x: 0, y: 0, z: 0, w: 1}
  m_LocalPosition: {x: 0, y: 0, z: 0}
  m_LocalScale: {x: 0.01, y: 0.01, z: 1}
  m_ConstrainProportionsScale: 0
  m_Children: []
  m_Father: {fileID: 1475900312530935265}
  m_RootOrder: 1
  m_LocalEulerAnglesHint: {x: 0, y: 0, z: 0}
  m_AnchorMin: {x: 0.5, y: 0.5}
  m_AnchorMax: {x: 0.5, y: 0.5}
  m_AnchoredPosition: {x: 0, y: 0}
  m_SizeDelta: {x: 50, y: 50}
  m_Pivot: {x: 0.5, y: 0.5}
--- !u!222 &8120609060766635908
CanvasRenderer:
  m_ObjectHideFlags: 0
  m_CorrespondingSourceObject: {fileID: 0}
  m_PrefabInstance: {fileID: 0}
  m_PrefabAsset: {fileID: 0}
  m_GameObject: {fileID: 8120609060766635911}
  m_CullTransparentMesh: 0
--- !u!114 &8120609060766635909
MonoBehaviour:
  m_ObjectHideFlags: 0
  m_CorrespondingSourceObject: {fileID: 0}
  m_PrefabInstance: {fileID: 0}
  m_PrefabAsset: {fileID: 0}
  m_GameObject: {fileID: 8120609060766635911}
  m_Enabled: 1
  m_EditorHideFlags: 0
  m_Script: {fileID: 11500000, guid: f4688fdb7df04437aeb418b961361dc5, type: 3}
  m_Name: 
  m_EditorClassIdentifier: 
  m_Material: {fileID: 0}
  m_Color: {r: 1, g: 1, b: 1, a: 1}
  m_RaycastTarget: 1
  m_RaycastPadding: {x: 0, y: 0, z: 0, w: 0}
  m_Maskable: 1
  m_OnCullStateChanged:
    m_PersistentCalls:
      m_Calls: []
  m_text: '*'
  m_isRightToLeft: 0
  m_fontAsset: {fileID: 11400000, guid: 8f586378b4e144a9851e7b34d9b748ee, type: 2}
  m_sharedMaterial: {fileID: 2180264, guid: 8f586378b4e144a9851e7b34d9b748ee, type: 2}
  m_fontSharedMaterials: []
  m_fontMaterial: {fileID: 0}
  m_fontMaterials: []
  m_fontColor32:
    serializedVersion: 2
    rgba: 4294967295
  m_fontColor: {r: 1, g: 1, b: 1, a: 1}
  m_enableVertexGradient: 0
  m_colorMode: 3
  m_fontColorGradient:
    topLeft: {r: 1, g: 1, b: 1, a: 1}
    topRight: {r: 1, g: 1, b: 1, a: 1}
    bottomLeft: {r: 1, g: 1, b: 1, a: 1}
    bottomRight: {r: 1, g: 1, b: 1, a: 1}
  m_fontColorGradientPreset: {fileID: 0}
  m_spriteAsset: {fileID: 0}
  m_tintAllSprites: 0
  m_StyleSheet: {fileID: 0}
  m_TextStyleHashCode: -1183493901
  m_overrideHtmlColors: 0
  m_faceColor:
    serializedVersion: 2
    rgba: 4294967295
  m_fontSize: 36
  m_fontSizeBase: 36
  m_fontWeight: 400
  m_enableAutoSizing: 0
  m_fontSizeMin: 18
  m_fontSizeMax: 72
  m_fontStyle: 0
  m_HorizontalAlignment: 1
  m_VerticalAlignment: 512
  m_textAlignment: 65535
  m_characterSpacing: 0
  m_wordSpacing: 0
  m_lineSpacing: 0
  m_lineSpacingMax: 0
  m_paragraphSpacing: 0
  m_charWidthMaxAdj: 0
  m_enableWordWrapping: 1
  m_wordWrappingRatios: 0.4
  m_overflowMode: 0
  m_linkedTextComponent: {fileID: 0}
  parentLinkedComponent: {fileID: 0}
  m_enableKerning: 1
  m_enableExtraPadding: 0
  checkPaddingRequired: 0
  m_isRichText: 1
  m_parseCtrlCharacters: 1
  m_isOrthographic: 1
  m_isCullingEnabled: 0
  m_horizontalMapping: 0
  m_verticalMapping: 0
  m_uvLineOffset: 0
  m_geometrySortingOrder: 0
  m_IsTextObjectScaleStatic: 0
  m_VertexBufferAutoSizeReduction: 1
  m_useMaxVisibleDescender: 1
  m_pageToDisplay: 1
  m_margin: {x: 0, y: 0, z: 0, w: 0}
  m_isUsingLegacyAnimationComponent: 0
  m_isVolumetricText: 0
  m_hasFontAssetChanged: 0
  m_baseMaterial: {fileID: 0}
  m_maskOffset: {x: 0, y: 0, z: 0, w: 0}
--- !u!1001 &1612902815791163318
PrefabInstance:
  m_ObjectHideFlags: 0
  serializedVersion: 2
  m_Modification:
    m_TransformParent: {fileID: 497192969946958511}
    m_Modifications:
    - target: {fileID: 5764570821643029778, guid: 4dd76341002383e48b673a9ed34e3559,
        type: 3}
      propertyPath: m_Pivot.x
      value: 0.5
      objectReference: {fileID: 0}
    - target: {fileID: 5764570821643029778, guid: 4dd76341002383e48b673a9ed34e3559,
        type: 3}
      propertyPath: m_Pivot.y
      value: 0.5
      objectReference: {fileID: 0}
    - target: {fileID: 5764570821643029778, guid: 4dd76341002383e48b673a9ed34e3559,
        type: 3}
      propertyPath: m_RootOrder
      value: 3
      objectReference: {fileID: 0}
    - target: {fileID: 5764570821643029778, guid: 4dd76341002383e48b673a9ed34e3559,
        type: 3}
      propertyPath: m_AnchorMax.x
      value: 0
      objectReference: {fileID: 0}
    - target: {fileID: 5764570821643029778, guid: 4dd76341002383e48b673a9ed34e3559,
        type: 3}
      propertyPath: m_AnchorMax.y
      value: 0
      objectReference: {fileID: 0}
    - target: {fileID: 5764570821643029778, guid: 4dd76341002383e48b673a9ed34e3559,
        type: 3}
      propertyPath: m_AnchorMin.x
      value: 0
      objectReference: {fileID: 0}
    - target: {fileID: 5764570821643029778, guid: 4dd76341002383e48b673a9ed34e3559,
        type: 3}
      propertyPath: m_AnchorMin.y
      value: 0
      objectReference: {fileID: 0}
    - target: {fileID: 5764570821643029778, guid: 4dd76341002383e48b673a9ed34e3559,
        type: 3}
      propertyPath: m_SizeDelta.x
      value: 1
      objectReference: {fileID: 0}
    - target: {fileID: 5764570821643029778, guid: 4dd76341002383e48b673a9ed34e3559,
        type: 3}
      propertyPath: m_SizeDelta.y
      value: 1
      objectReference: {fileID: 0}
    - target: {fileID: 5764570821643029778, guid: 4dd76341002383e48b673a9ed34e3559,
        type: 3}
      propertyPath: m_LocalPosition.x
      value: 0
      objectReference: {fileID: 0}
    - target: {fileID: 5764570821643029778, guid: 4dd76341002383e48b673a9ed34e3559,
        type: 3}
      propertyPath: m_LocalPosition.y
      value: 0
      objectReference: {fileID: 0}
    - target: {fileID: 5764570821643029778, guid: 4dd76341002383e48b673a9ed34e3559,
        type: 3}
      propertyPath: m_LocalPosition.z
      value: -0.7999995
      objectReference: {fileID: 0}
    - target: {fileID: 5764570821643029778, guid: 4dd76341002383e48b673a9ed34e3559,
        type: 3}
      propertyPath: m_LocalRotation.w
      value: 1
      objectReference: {fileID: 0}
    - target: {fileID: 5764570821643029778, guid: 4dd76341002383e48b673a9ed34e3559,
        type: 3}
      propertyPath: m_LocalRotation.x
      value: -0
      objectReference: {fileID: 0}
    - target: {fileID: 5764570821643029778, guid: 4dd76341002383e48b673a9ed34e3559,
        type: 3}
      propertyPath: m_LocalRotation.y
      value: -0
      objectReference: {fileID: 0}
    - target: {fileID: 5764570821643029778, guid: 4dd76341002383e48b673a9ed34e3559,
        type: 3}
      propertyPath: m_LocalRotation.z
      value: -0
      objectReference: {fileID: 0}
    - target: {fileID: 5764570821643029778, guid: 4dd76341002383e48b673a9ed34e3559,
        type: 3}
      propertyPath: m_AnchoredPosition.x
      value: 1.76
      objectReference: {fileID: 0}
    - target: {fileID: 5764570821643029778, guid: 4dd76341002383e48b673a9ed34e3559,
        type: 3}
      propertyPath: m_AnchoredPosition.y
      value: -3.3200073
      objectReference: {fileID: 0}
    - target: {fileID: 5764570821643029778, guid: 4dd76341002383e48b673a9ed34e3559,
        type: 3}
      propertyPath: m_LocalEulerAnglesHint.x
      value: 0
      objectReference: {fileID: 0}
    - target: {fileID: 5764570821643029778, guid: 4dd76341002383e48b673a9ed34e3559,
        type: 3}
      propertyPath: m_LocalEulerAnglesHint.y
      value: 0
      objectReference: {fileID: 0}
    - target: {fileID: 5764570821643029778, guid: 4dd76341002383e48b673a9ed34e3559,
        type: 3}
      propertyPath: m_LocalEulerAnglesHint.z
      value: 0
      objectReference: {fileID: 0}
    - target: {fileID: 5764570821643029781, guid: 4dd76341002383e48b673a9ed34e3559,
        type: 3}
      propertyPath: m_Name
      value: TRS Panel
      objectReference: {fileID: 0}
    m_RemovedComponents: []
  m_SourcePrefab: {fileID: 100100000, guid: 4dd76341002383e48b673a9ed34e3559, type: 3}
--- !u!114 &3706164732800550068 stripped
MonoBehaviour:
  m_CorrespondingSourceObject: {fileID: 2669754561603691266, guid: 4dd76341002383e48b673a9ed34e3559,
    type: 3}
  m_PrefabInstance: {fileID: 1612902815791163318}
  m_PrefabAsset: {fileID: 0}
  m_GameObject: {fileID: 6457581383933064039}
  m_Enabled: 0
  m_EditorHideFlags: 0
  m_Script: {fileID: 11500000, guid: c40db17d39f44e84a9460b3dcf939f36, type: 3}
  m_Name: 
  m_EditorClassIdentifier: 
--- !u!114 &4571377426588248715 stripped
MonoBehaviour:
  m_CorrespondingSourceObject: {fileID: 2959679815142968637, guid: 4dd76341002383e48b673a9ed34e3559,
    type: 3}
  m_PrefabInstance: {fileID: 1612902815791163318}
  m_PrefabAsset: {fileID: 0}
  m_GameObject: {fileID: 6457581383933064039}
  m_Enabled: 0
  m_EditorHideFlags: 0
  m_Script: {fileID: 11500000, guid: 5b7750c031f830e4c98f8b53c5f13f11, type: 3}
  m_Name: 
  m_EditorClassIdentifier: 
--- !u!224 &6457581383822404260 stripped
RectTransform:
  m_CorrespondingSourceObject: {fileID: 5764570821643029778, guid: 4dd76341002383e48b673a9ed34e3559,
    type: 3}
  m_PrefabInstance: {fileID: 1612902815791163318}
  m_PrefabAsset: {fileID: 0}
--- !u!1 &6457581383933064039 stripped
GameObject:
  m_CorrespondingSourceObject: {fileID: 5764570821766206673, guid: 4dd76341002383e48b673a9ed34e3559,
    type: 3}
  m_PrefabInstance: {fileID: 1612902815791163318}
  m_PrefabAsset: {fileID: 0}
--- !u!114 &1201066559046969381
MonoBehaviour:
  m_ObjectHideFlags: 0
  m_CorrespondingSourceObject: {fileID: 0}
  m_PrefabInstance: {fileID: 0}
  m_PrefabAsset: {fileID: 0}
  m_GameObject: {fileID: 6457581383933064039}
  m_Enabled: 0
  m_EditorHideFlags: 0
  m_Script: {fileID: 11500000, guid: e52de21a22b6dd44c9cc19f810c65059, type: 3}
  m_Name: 
  m_EditorClassIdentifier: 
  m_Events:
    m_Signals:
    - {fileID: 11400000, guid: 7b7043f8f48190644b929d8cf024fc72, type: 2}
    - {fileID: 11400000, guid: 42c00eb605034cf4b87756e11084f902, type: 2}
    - {fileID: 11400000, guid: 6927522831a89c5459f34f517952c4bc, type: 2}
    - {fileID: 11400000, guid: be6cb3ee522260041828655fd083f6ca, type: 2}
    - {fileID: 11400000, guid: 30d73cb2bbcdb6a489cb304472e17e99, type: 2}
    - {fileID: 11400000, guid: a645638bc2c9f7f4382adc40a5f3d9be, type: 2}
    - {fileID: 11400000, guid: a90cab3f22622884aa57f37013e93109, type: 2}
    - {fileID: 11400000, guid: 90411cb449a761246ab1488fc2bc5438, type: 2}
    m_Events:
    - m_PersistentCalls:
        m_Calls:
        - m_Target: {fileID: 3706164732800550068}
          m_TargetAssemblyTypeName: RePiX_VR.ApplicationStage.TranslationMatrixHighlight,
            RePiX_VR
          m_MethodName: TintX
          m_Mode: 1
          m_Arguments:
            m_ObjectArgument: {fileID: 0}
            m_ObjectArgumentAssemblyTypeName: UnityEngine.Object, UnityEngine
            m_IntArgument: 0
            m_FloatArgument: 0
            m_StringArgument: 
            m_BoolArgument: 0
          m_CallState: 2
        - m_Target: {fileID: 8284661914653679908}
          m_TargetAssemblyTypeName: RePiX_VR.ApplicationStage.RotationMatrixHighlight,
            RePiX_VR
          m_MethodName: TintX
          m_Mode: 1
          m_Arguments:
            m_ObjectArgument: {fileID: 0}
            m_ObjectArgumentAssemblyTypeName: UnityEngine.Object, UnityEngine
            m_IntArgument: 0
            m_FloatArgument: 0
            m_StringArgument: 
            m_BoolArgument: 0
          m_CallState: 2
        - m_Target: {fileID: 4571377426588248715}
          m_TargetAssemblyTypeName: RePiX_VR.ApplicationStage.ScaleMatrixHighlight,
            RePiX_VR
          m_MethodName: TintX
          m_Mode: 1
          m_Arguments:
            m_ObjectArgument: {fileID: 0}
            m_ObjectArgumentAssemblyTypeName: UnityEngine.Object, UnityEngine
            m_IntArgument: 0
            m_FloatArgument: 0
            m_StringArgument: 
            m_BoolArgument: 0
          m_CallState: 2
    - m_PersistentCalls:
        m_Calls:
        - m_Target: {fileID: 3706164732800550068}
          m_TargetAssemblyTypeName: RePiX_VR.ApplicationStage.TranslationMatrixHighlight,
            RePiX_VR
          m_MethodName: TintY
          m_Mode: 1
          m_Arguments:
            m_ObjectArgument: {fileID: 0}
            m_ObjectArgumentAssemblyTypeName: UnityEngine.Object, UnityEngine
            m_IntArgument: 0
            m_FloatArgument: 0
            m_StringArgument: 
            m_BoolArgument: 0
          m_CallState: 2
        - m_Target: {fileID: 4571377426588248715}
          m_TargetAssemblyTypeName: RePiX_VR.ApplicationStage.ScaleMatrixHighlight,
            RePiX_VR
          m_MethodName: TintY
          m_Mode: 1
          m_Arguments:
            m_ObjectArgument: {fileID: 0}
            m_ObjectArgumentAssemblyTypeName: UnityEngine.Object, UnityEngine
            m_IntArgument: 0
            m_FloatArgument: 0
            m_StringArgument: 
            m_BoolArgument: 0
          m_CallState: 2
        - m_Target: {fileID: 8284661914653679908}
          m_TargetAssemblyTypeName: RePiX_VR.ApplicationStage.RotationMatrixHighlight,
            RePiX_VR
          m_MethodName: TintY
          m_Mode: 1
          m_Arguments:
            m_ObjectArgument: {fileID: 0}
            m_ObjectArgumentAssemblyTypeName: UnityEngine.Object, UnityEngine
            m_IntArgument: 0
            m_FloatArgument: 0
            m_StringArgument: 
            m_BoolArgument: 0
          m_CallState: 2
    - m_PersistentCalls:
        m_Calls:
        - m_Target: {fileID: 3706164732800550068}
          m_TargetAssemblyTypeName: RePiX_VR.ApplicationStage.TranslationMatrixHighlight,
            RePiX_VR
          m_MethodName: TintZ
          m_Mode: 1
          m_Arguments:
            m_ObjectArgument: {fileID: 0}
            m_ObjectArgumentAssemblyTypeName: UnityEngine.Object, UnityEngine
            m_IntArgument: 0
            m_FloatArgument: 0
            m_StringArgument: 
            m_BoolArgument: 0
          m_CallState: 2
        - m_Target: {fileID: 4571377426588248715}
          m_TargetAssemblyTypeName: RePiX_VR.ApplicationStage.ScaleMatrixHighlight,
            RePiX_VR
          m_MethodName: TintZ
          m_Mode: 1
          m_Arguments:
            m_ObjectArgument: {fileID: 0}
            m_ObjectArgumentAssemblyTypeName: UnityEngine.Object, UnityEngine
            m_IntArgument: 0
            m_FloatArgument: 0
            m_StringArgument: 
            m_BoolArgument: 0
          m_CallState: 2
        - m_Target: {fileID: 8284661914653679908}
          m_TargetAssemblyTypeName: RePiX_VR.ApplicationStage.RotationMatrixHighlight,
            RePiX_VR
          m_MethodName: TintZ
          m_Mode: 1
          m_Arguments:
            m_ObjectArgument: {fileID: 0}
            m_ObjectArgumentAssemblyTypeName: UnityEngine.Object, UnityEngine
            m_IntArgument: 0
            m_FloatArgument: 0
            m_StringArgument: 
            m_BoolArgument: 0
          m_CallState: 2
    - m_PersistentCalls:
        m_Calls:
        - m_Target: {fileID: 3706164732800550068}
          m_TargetAssemblyTypeName: RePiX_VR.ApplicationStage.TranslationMatrixHighlight,
            RePiX_VR
          m_MethodName: ResetColors
          m_Mode: 1
          m_Arguments:
            m_ObjectArgument: {fileID: 0}
            m_ObjectArgumentAssemblyTypeName: UnityEngine.Object, UnityEngine
            m_IntArgument: 0
            m_FloatArgument: 0
            m_StringArgument: 
            m_BoolArgument: 0
          m_CallState: 2
        - m_Target: {fileID: 4571377426588248715}
          m_TargetAssemblyTypeName: RePiX_VR.ApplicationStage.ScaleMatrixHighlight,
            RePiX_VR
          m_MethodName: ResetColors
          m_Mode: 1
          m_Arguments:
            m_ObjectArgument: {fileID: 0}
            m_ObjectArgumentAssemblyTypeName: UnityEngine.Object, UnityEngine
            m_IntArgument: 0
            m_FloatArgument: 0
            m_StringArgument: 
            m_BoolArgument: 0
          m_CallState: 2
        - m_Target: {fileID: 4571377426588248715}
          m_TargetAssemblyTypeName: RePiX_VR.ApplicationStage.ScaleMatrixHighlight,
            RePiX_VR
          m_MethodName: ResetColors
          m_Mode: 1
          m_Arguments:
            m_ObjectArgument: {fileID: 0}
            m_ObjectArgumentAssemblyTypeName: UnityEngine.Object, UnityEngine
            m_IntArgument: 0
            m_FloatArgument: 0
            m_StringArgument: 
            m_BoolArgument: 0
          m_CallState: 2
    - m_PersistentCalls:
        m_Calls:
        - m_Target: {fileID: 3706164732800550068}
          m_TargetAssemblyTypeName: UnityEngine.Behaviour, UnityEngine
          m_MethodName: set_enabled
          m_Mode: 6
          m_Arguments:
            m_ObjectArgument: {fileID: 0}
            m_ObjectArgumentAssemblyTypeName: UnityEngine.Object, UnityEngine
            m_IntArgument: 0
            m_FloatArgument: 0
            m_StringArgument: 
            m_BoolArgument: 1
          m_CallState: 2
        - m_Target: {fileID: 8284661914653679908}
          m_TargetAssemblyTypeName: UnityEngine.Behaviour, UnityEngine
          m_MethodName: set_enabled
          m_Mode: 6
          m_Arguments:
            m_ObjectArgument: {fileID: 0}
            m_ObjectArgumentAssemblyTypeName: UnityEngine.Object, UnityEngine
            m_IntArgument: 0
            m_FloatArgument: 0
            m_StringArgument: 
            m_BoolArgument: 0
          m_CallState: 2
        - m_Target: {fileID: 4571377426588248715}
          m_TargetAssemblyTypeName: UnityEngine.Behaviour, UnityEngine
          m_MethodName: set_enabled
          m_Mode: 6
          m_Arguments:
            m_ObjectArgument: {fileID: 0}
            m_ObjectArgumentAssemblyTypeName: UnityEngine.Object, UnityEngine
            m_IntArgument: 0
            m_FloatArgument: 0
            m_StringArgument: 
            m_BoolArgument: 0
          m_CallState: 2
    - m_PersistentCalls:
        m_Calls:
        - m_Target: {fileID: 3706164732800550068}
          m_TargetAssemblyTypeName: UnityEngine.Behaviour, UnityEngine
          m_MethodName: set_enabled
          m_Mode: 6
          m_Arguments:
            m_ObjectArgument: {fileID: 0}
            m_ObjectArgumentAssemblyTypeName: UnityEngine.Object, UnityEngine
            m_IntArgument: 0
            m_FloatArgument: 0
            m_StringArgument: 
            m_BoolArgument: 0
          m_CallState: 2
        - m_Target: {fileID: 8284661914653679908}
          m_TargetAssemblyTypeName: UnityEngine.Behaviour, UnityEngine
          m_MethodName: set_enabled
          m_Mode: 6
          m_Arguments:
            m_ObjectArgument: {fileID: 0}
            m_ObjectArgumentAssemblyTypeName: UnityEngine.Object, UnityEngine
            m_IntArgument: 0
            m_FloatArgument: 0
            m_StringArgument: 
            m_BoolArgument: 1
          m_CallState: 2
        - m_Target: {fileID: 4571377426588248715}
          m_TargetAssemblyTypeName: UnityEngine.Behaviour, UnityEngine
          m_MethodName: set_enabled
          m_Mode: 6
          m_Arguments:
            m_ObjectArgument: {fileID: 0}
            m_ObjectArgumentAssemblyTypeName: UnityEngine.Object, UnityEngine
            m_IntArgument: 0
            m_FloatArgument: 0
            m_StringArgument: 
            m_BoolArgument: 0
          m_CallState: 2
    - m_PersistentCalls:
        m_Calls:
        - m_Target: {fileID: 3706164732800550068}
          m_TargetAssemblyTypeName: UnityEngine.Behaviour, UnityEngine
          m_MethodName: set_enabled
          m_Mode: 6
          m_Arguments:
            m_ObjectArgument: {fileID: 0}
            m_ObjectArgumentAssemblyTypeName: UnityEngine.Object, UnityEngine
            m_IntArgument: 0
            m_FloatArgument: 0
            m_StringArgument: 
            m_BoolArgument: 0
          m_CallState: 2
        - m_Target: {fileID: 8284661914653679908}
          m_TargetAssemblyTypeName: UnityEngine.Behaviour, UnityEngine
          m_MethodName: set_enabled
          m_Mode: 6
          m_Arguments:
            m_ObjectArgument: {fileID: 0}
            m_ObjectArgumentAssemblyTypeName: UnityEngine.Object, UnityEngine
            m_IntArgument: 0
            m_FloatArgument: 0
            m_StringArgument: 
            m_BoolArgument: 0
          m_CallState: 2
        - m_Target: {fileID: 4571377426588248715}
          m_TargetAssemblyTypeName: UnityEngine.Behaviour, UnityEngine
          m_MethodName: set_enabled
          m_Mode: 6
          m_Arguments:
            m_ObjectArgument: {fileID: 0}
            m_ObjectArgumentAssemblyTypeName: UnityEngine.Object, UnityEngine
            m_IntArgument: 0
            m_FloatArgument: 0
            m_StringArgument: 
            m_BoolArgument: 1
          m_CallState: 2
    - m_PersistentCalls:
        m_Calls:
        - m_Target: {fileID: 3706164732800550068}
          m_TargetAssemblyTypeName: UnityEngine.Behaviour, UnityEngine
          m_MethodName: set_enabled
          m_Mode: 6
          m_Arguments:
            m_ObjectArgument: {fileID: 0}
            m_ObjectArgumentAssemblyTypeName: UnityEngine.Object, UnityEngine
            m_IntArgument: 0
            m_FloatArgument: 0
            m_StringArgument: 
            m_BoolArgument: 1
          m_CallState: 2
        - m_Target: {fileID: 4571377426588248715}
          m_TargetAssemblyTypeName: UnityEngine.Behaviour, UnityEngine
          m_MethodName: set_enabled
          m_Mode: 6
          m_Arguments:
            m_ObjectArgument: {fileID: 0}
            m_ObjectArgumentAssemblyTypeName: UnityEngine.Object, UnityEngine
            m_IntArgument: 0
            m_FloatArgument: 0
            m_StringArgument: 
            m_BoolArgument: 1
          m_CallState: 2
        - m_Target: {fileID: 8284661914653679908}
          m_TargetAssemblyTypeName: UnityEngine.Behaviour, UnityEngine
          m_MethodName: set_enabled
          m_Mode: 6
          m_Arguments:
            m_ObjectArgument: {fileID: 0}
            m_ObjectArgumentAssemblyTypeName: UnityEngine.Object, UnityEngine
            m_IntArgument: 0
            m_FloatArgument: 0
            m_StringArgument: 
            m_BoolArgument: 1
          m_CallState: 2
--- !u!114 &1288082305157122414
MonoBehaviour:
  m_ObjectHideFlags: 0
  m_CorrespondingSourceObject: {fileID: 0}
  m_PrefabInstance: {fileID: 0}
  m_PrefabAsset: {fileID: 0}
  m_GameObject: {fileID: 6457581383933064039}
  m_Enabled: 1
  m_EditorHideFlags: 0
  m_Script: {fileID: 11500000, guid: 4b15d1a0513f2ed4982d7241fb8ce6d3, type: 3}
  m_Name: 
  m_EditorClassIdentifier: 
  transformReference: {fileID: 3458979410865461065}
--- !u!114 &8284661914653679908 stripped
MonoBehaviour:
  m_CorrespondingSourceObject: {fileID: 7249430419921585810, guid: 4dd76341002383e48b673a9ed34e3559,
    type: 3}
  m_PrefabInstance: {fileID: 1612902815791163318}
  m_PrefabAsset: {fileID: 0}
  m_GameObject: {fileID: 6457581383933064039}
  m_Enabled: 0
  m_EditorHideFlags: 0
  m_Script: {fileID: 11500000, guid: eed3ca35ab03c1d40918fe8765bc6693, type: 3}
  m_Name: 
  m_EditorClassIdentifier: 
--- !u!1001 &3942272532128928080
PrefabInstance:
  m_ObjectHideFlags: 0
  serializedVersion: 2
  m_Modification:
    m_TransformParent: {fileID: 497192969946958511}
    m_Modifications:
    - target: {fileID: 524484947683881488, guid: e3409c0a849e2bc47b1c623200f95188,
        type: 3}
      propertyPath: m_Name
      value: Rotation Panel
      objectReference: {fileID: 0}
    - target: {fileID: 524484947683881495, guid: e3409c0a849e2bc47b1c623200f95188,
        type: 3}
      propertyPath: m_Pivot.x
      value: 0.5
      objectReference: {fileID: 0}
    - target: {fileID: 524484947683881495, guid: e3409c0a849e2bc47b1c623200f95188,
        type: 3}
      propertyPath: m_Pivot.y
      value: 0.5
      objectReference: {fileID: 0}
    - target: {fileID: 524484947683881495, guid: e3409c0a849e2bc47b1c623200f95188,
        type: 3}
      propertyPath: m_RootOrder
      value: 1
      objectReference: {fileID: 0}
    - target: {fileID: 524484947683881495, guid: e3409c0a849e2bc47b1c623200f95188,
        type: 3}
      propertyPath: m_AnchorMax.x
      value: 0
      objectReference: {fileID: 0}
    - target: {fileID: 524484947683881495, guid: e3409c0a849e2bc47b1c623200f95188,
        type: 3}
      propertyPath: m_AnchorMax.y
      value: 0
      objectReference: {fileID: 0}
    - target: {fileID: 524484947683881495, guid: e3409c0a849e2bc47b1c623200f95188,
        type: 3}
      propertyPath: m_AnchorMin.x
      value: 0
      objectReference: {fileID: 0}
    - target: {fileID: 524484947683881495, guid: e3409c0a849e2bc47b1c623200f95188,
        type: 3}
      propertyPath: m_AnchorMin.y
      value: 0
      objectReference: {fileID: 0}
    - target: {fileID: 524484947683881495, guid: e3409c0a849e2bc47b1c623200f95188,
        type: 3}
      propertyPath: m_SizeDelta.x
      value: 1
      objectReference: {fileID: 0}
    - target: {fileID: 524484947683881495, guid: e3409c0a849e2bc47b1c623200f95188,
        type: 3}
      propertyPath: m_SizeDelta.y
      value: 1
      objectReference: {fileID: 0}
    - target: {fileID: 524484947683881495, guid: e3409c0a849e2bc47b1c623200f95188,
        type: 3}
      propertyPath: m_LocalPosition.x
      value: 0
      objectReference: {fileID: 0}
    - target: {fileID: 524484947683881495, guid: e3409c0a849e2bc47b1c623200f95188,
        type: 3}
      propertyPath: m_LocalPosition.y
      value: 0
      objectReference: {fileID: 0}
    - target: {fileID: 524484947683881495, guid: e3409c0a849e2bc47b1c623200f95188,
        type: 3}
      propertyPath: m_LocalPosition.z
      value: -0.8
      objectReference: {fileID: 0}
    - target: {fileID: 524484947683881495, guid: e3409c0a849e2bc47b1c623200f95188,
        type: 3}
      propertyPath: m_LocalRotation.w
      value: 1
      objectReference: {fileID: 0}
    - target: {fileID: 524484947683881495, guid: e3409c0a849e2bc47b1c623200f95188,
        type: 3}
      propertyPath: m_LocalRotation.x
      value: -0
      objectReference: {fileID: 0}
    - target: {fileID: 524484947683881495, guid: e3409c0a849e2bc47b1c623200f95188,
        type: 3}
      propertyPath: m_LocalRotation.y
      value: -0
      objectReference: {fileID: 0}
    - target: {fileID: 524484947683881495, guid: e3409c0a849e2bc47b1c623200f95188,
        type: 3}
      propertyPath: m_LocalRotation.z
      value: -0
      objectReference: {fileID: 0}
    - target: {fileID: 524484947683881495, guid: e3409c0a849e2bc47b1c623200f95188,
        type: 3}
      propertyPath: m_AnchoredPosition.x
      value: -0.8000002
      objectReference: {fileID: 0}
    - target: {fileID: 524484947683881495, guid: e3409c0a849e2bc47b1c623200f95188,
        type: 3}
      propertyPath: m_AnchoredPosition.y
      value: -3.32
      objectReference: {fileID: 0}
    - target: {fileID: 524484947683881495, guid: e3409c0a849e2bc47b1c623200f95188,
        type: 3}
      propertyPath: m_LocalEulerAnglesHint.x
      value: 0
      objectReference: {fileID: 0}
    - target: {fileID: 524484947683881495, guid: e3409c0a849e2bc47b1c623200f95188,
        type: 3}
      propertyPath: m_LocalEulerAnglesHint.y
      value: 0
      objectReference: {fileID: 0}
    - target: {fileID: 524484947683881495, guid: e3409c0a849e2bc47b1c623200f95188,
        type: 3}
      propertyPath: m_LocalEulerAnglesHint.z
      value: 0
      objectReference: {fileID: 0}
    - target: {fileID: 7508640799762675817, guid: e3409c0a849e2bc47b1c623200f95188,
        type: 3}
      propertyPath: transformReference
      value: 
      objectReference: {fileID: 3458979410865461065}
    m_RemovedComponents: []
  m_SourcePrefab: {fileID: 100100000, guid: e3409c0a849e2bc47b1c623200f95188, type: 3}
--- !u!224 &3599110287903400775 stripped
RectTransform:
  m_CorrespondingSourceObject: {fileID: 524484947683881495, guid: e3409c0a849e2bc47b1c623200f95188,
    type: 3}
  m_PrefabInstance: {fileID: 3942272532128928080}
  m_PrefabAsset: {fileID: 0}
--- !u!1 &3599110288047487620 stripped
GameObject:
  m_CorrespondingSourceObject: {fileID: 524484947601599444, guid: e3409c0a849e2bc47b1c623200f95188,
    type: 3}
  m_PrefabInstance: {fileID: 3942272532128928080}
  m_PrefabAsset: {fileID: 0}
--- !u!114 &6654796088948209997
MonoBehaviour:
  m_ObjectHideFlags: 0
  m_CorrespondingSourceObject: {fileID: 0}
  m_PrefabInstance: {fileID: 0}
  m_PrefabAsset: {fileID: 0}
  m_GameObject: {fileID: 3599110288047487620}
  m_Enabled: 1
  m_EditorHideFlags: 0
  m_Script: {fileID: 11500000, guid: e52de21a22b6dd44c9cc19f810c65059, type: 3}
  m_Name: 
  m_EditorClassIdentifier: 
  m_Events:
    m_Signals:
    - {fileID: 11400000, guid: be6cb3ee522260041828655fd083f6ca, type: 2}
    - {fileID: 11400000, guid: 7b7043f8f48190644b929d8cf024fc72, type: 2}
    - {fileID: 11400000, guid: 42c00eb605034cf4b87756e11084f902, type: 2}
    - {fileID: 11400000, guid: 6927522831a89c5459f34f517952c4bc, type: 2}
    m_Events:
    - m_PersistentCalls:
        m_Calls:
        - m_Target: {fileID: 8940467999087232404}
          m_TargetAssemblyTypeName: RePiX_VR.ApplicationStage.RotationMatrixHighlight,
            RePiX_VR
          m_MethodName: TintX
          m_Mode: 1
          m_Arguments:
            m_ObjectArgument: {fileID: 0}
            m_ObjectArgumentAssemblyTypeName: UnityEngine.Object, UnityEngine
            m_IntArgument: 0
            m_FloatArgument: 0
            m_StringArgument: 
            m_BoolArgument: 0
          m_CallState: 2
    - m_PersistentCalls:
        m_Calls:
        - m_Target: {fileID: 8940467999087232404}
          m_TargetAssemblyTypeName: RePiX_VR.ApplicationStage.RotationMatrixHighlight,
            RePiX_VR
          m_MethodName: TintY
          m_Mode: 1
          m_Arguments:
            m_ObjectArgument: {fileID: 0}
            m_ObjectArgumentAssemblyTypeName: UnityEngine.Object, UnityEngine
            m_IntArgument: 0
            m_FloatArgument: 0
            m_StringArgument: 
            m_BoolArgument: 0
          m_CallState: 2
    - m_PersistentCalls:
        m_Calls:
        - m_Target: {fileID: 8940467999087232404}
          m_TargetAssemblyTypeName: RePiX_VR.ApplicationStage.RotationMatrixHighlight,
            RePiX_VR
          m_MethodName: TintZ
          m_Mode: 1
          m_Arguments:
            m_ObjectArgument: {fileID: 0}
            m_ObjectArgumentAssemblyTypeName: UnityEngine.Object, UnityEngine
            m_IntArgument: 0
            m_FloatArgument: 0
            m_StringArgument: 
            m_BoolArgument: 0
          m_CallState: 2
    - m_PersistentCalls:
        m_Calls:
        - m_Target: {fileID: 8940467999087232404}
          m_TargetAssemblyTypeName: RePiX_VR.ApplicationStage.MatrixPreviewHighlighter,
            RePiX_VR
          m_MethodName: ResetColors
          m_Mode: 1
          m_Arguments:
            m_ObjectArgument: {fileID: 0}
            m_ObjectArgumentAssemblyTypeName: UnityEngine.Object, UnityEngine
            m_IntArgument: 0
            m_FloatArgument: 0
            m_StringArgument: 
            m_BoolArgument: 0
          m_CallState: 2
--- !u!114 &8940467999087232404 stripped
MonoBehaviour:
  m_CorrespondingSourceObject: {fileID: 5379320772303295684, guid: e3409c0a849e2bc47b1c623200f95188,
    type: 3}
  m_PrefabInstance: {fileID: 3942272532128928080}
  m_PrefabAsset: {fileID: 0}
  m_GameObject: {fileID: 3599110288047487620}
  m_Enabled: 1
  m_EditorHideFlags: 0
  m_Script: {fileID: 11500000, guid: eed3ca35ab03c1d40918fe8765bc6693, type: 3}
  m_Name: 
  m_EditorClassIdentifier: 
--- !u!1001 &5299450985138407936
PrefabInstance:
  m_ObjectHideFlags: 0
  serializedVersion: 2
  m_Modification:
    m_TransformParent: {fileID: 497192969946958511}
    m_Modifications:
    - target: {fileID: 3573759935865035865, guid: 2c7b36d96fdab4d48b14d0ea2ec0d804,
        type: 3}
      propertyPath: m_Name
      value: Translation Panel
      objectReference: {fileID: 0}
    - target: {fileID: 3573759935865035868, guid: 2c7b36d96fdab4d48b14d0ea2ec0d804,
        type: 3}
      propertyPath: m_PresetInfoIsWorld
      value: 1
      objectReference: {fileID: 0}
    - target: {fileID: 3573759935865035870, guid: 2c7b36d96fdab4d48b14d0ea2ec0d804,
        type: 3}
      propertyPath: m_Pivot.x
      value: 0.5
      objectReference: {fileID: 0}
    - target: {fileID: 3573759935865035870, guid: 2c7b36d96fdab4d48b14d0ea2ec0d804,
        type: 3}
      propertyPath: m_Pivot.y
      value: 0.5
      objectReference: {fileID: 0}
    - target: {fileID: 3573759935865035870, guid: 2c7b36d96fdab4d48b14d0ea2ec0d804,
        type: 3}
      propertyPath: m_RootOrder
      value: 0
      objectReference: {fileID: 0}
    - target: {fileID: 3573759935865035870, guid: 2c7b36d96fdab4d48b14d0ea2ec0d804,
        type: 3}
      propertyPath: m_AnchorMax.x
      value: 0
      objectReference: {fileID: 0}
    - target: {fileID: 3573759935865035870, guid: 2c7b36d96fdab4d48b14d0ea2ec0d804,
        type: 3}
      propertyPath: m_AnchorMax.y
      value: 0
      objectReference: {fileID: 0}
    - target: {fileID: 3573759935865035870, guid: 2c7b36d96fdab4d48b14d0ea2ec0d804,
        type: 3}
      propertyPath: m_AnchorMin.x
      value: 0
      objectReference: {fileID: 0}
    - target: {fileID: 3573759935865035870, guid: 2c7b36d96fdab4d48b14d0ea2ec0d804,
        type: 3}
      propertyPath: m_AnchorMin.y
      value: 0
      objectReference: {fileID: 0}
    - target: {fileID: 3573759935865035870, guid: 2c7b36d96fdab4d48b14d0ea2ec0d804,
        type: 3}
      propertyPath: m_SizeDelta.x
      value: 1
      objectReference: {fileID: 0}
    - target: {fileID: 3573759935865035870, guid: 2c7b36d96fdab4d48b14d0ea2ec0d804,
        type: 3}
      propertyPath: m_SizeDelta.y
      value: 1
      objectReference: {fileID: 0}
    - target: {fileID: 3573759935865035870, guid: 2c7b36d96fdab4d48b14d0ea2ec0d804,
        type: 3}
      propertyPath: m_LocalPosition.x
      value: 0
      objectReference: {fileID: 0}
    - target: {fileID: 3573759935865035870, guid: 2c7b36d96fdab4d48b14d0ea2ec0d804,
        type: 3}
      propertyPath: m_LocalPosition.y
      value: 0
      objectReference: {fileID: 0}
    - target: {fileID: 3573759935865035870, guid: 2c7b36d96fdab4d48b14d0ea2ec0d804,
        type: 3}
      propertyPath: m_LocalPosition.z
      value: -0.7999995
      objectReference: {fileID: 0}
    - target: {fileID: 3573759935865035870, guid: 2c7b36d96fdab4d48b14d0ea2ec0d804,
        type: 3}
      propertyPath: m_LocalRotation.w
      value: 1
      objectReference: {fileID: 0}
    - target: {fileID: 3573759935865035870, guid: 2c7b36d96fdab4d48b14d0ea2ec0d804,
        type: 3}
      propertyPath: m_LocalRotation.x
      value: -0
      objectReference: {fileID: 0}
    - target: {fileID: 3573759935865035870, guid: 2c7b36d96fdab4d48b14d0ea2ec0d804,
        type: 3}
      propertyPath: m_LocalRotation.y
      value: -0
      objectReference: {fileID: 0}
    - target: {fileID: 3573759935865035870, guid: 2c7b36d96fdab4d48b14d0ea2ec0d804,
        type: 3}
      propertyPath: m_LocalRotation.z
      value: -0
      objectReference: {fileID: 0}
    - target: {fileID: 3573759935865035870, guid: 2c7b36d96fdab4d48b14d0ea2ec0d804,
        type: 3}
      propertyPath: m_AnchoredPosition.x
      value: -2.04
      objectReference: {fileID: 0}
    - target: {fileID: 3573759935865035870, guid: 2c7b36d96fdab4d48b14d0ea2ec0d804,
        type: 3}
      propertyPath: m_AnchoredPosition.y
      value: -3.3199997
      objectReference: {fileID: 0}
    - target: {fileID: 3573759935865035870, guid: 2c7b36d96fdab4d48b14d0ea2ec0d804,
        type: 3}
      propertyPath: m_LocalEulerAnglesHint.x
      value: 0
      objectReference: {fileID: 0}
    - target: {fileID: 3573759935865035870, guid: 2c7b36d96fdab4d48b14d0ea2ec0d804,
        type: 3}
      propertyPath: m_LocalEulerAnglesHint.y
      value: 0
      objectReference: {fileID: 0}
    - target: {fileID: 3573759935865035870, guid: 2c7b36d96fdab4d48b14d0ea2ec0d804,
        type: 3}
      propertyPath: m_LocalEulerAnglesHint.z
      value: 0
      objectReference: {fileID: 0}
    - target: {fileID: 3573759936282985856, guid: 2c7b36d96fdab4d48b14d0ea2ec0d804,
        type: 3}
      propertyPath: transformReference
      value: 
      objectReference: {fileID: 3458979410865461065}
    - target: {fileID: 3573759936282985858, guid: 2c7b36d96fdab4d48b14d0ea2ec0d804,
        type: 3}
      propertyPath: m_Events.m_Events.Array.data[0].m_PersistentCalls.m_Calls.Array.data[1].m_Target
      value: 
      objectReference: {fileID: 0}
    - target: {fileID: 3573759936282985858, guid: 2c7b36d96fdab4d48b14d0ea2ec0d804,
        type: 3}
      propertyPath: m_Events.m_Events.Array.data[1].m_PersistentCalls.m_Calls.Array.data[1].m_Target
      value: 
      objectReference: {fileID: 0}
    m_RemovedComponents: []
  m_SourcePrefab: {fileID: 100100000, guid: 2c7b36d96fdab4d48b14d0ea2ec0d804, type: 3}
--- !u!114 &1086279376265726790 stripped
MonoBehaviour:
  m_CorrespondingSourceObject: {fileID: 5086907870677696838, guid: 2c7b36d96fdab4d48b14d0ea2ec0d804,
    type: 3}
  m_PrefabInstance: {fileID: 5299450985138407936}
  m_PrefabAsset: {fileID: 0}
  m_GameObject: {fileID: 8652511294226648989}
  m_Enabled: 1
  m_EditorHideFlags: 0
  m_Script: {fileID: 11500000, guid: c40db17d39f44e84a9460b3dcf939f36, type: 3}
  m_Name: 
  m_EditorClassIdentifier: 
--- !u!224 &8652511293766817374 stripped
RectTransform:
  m_CorrespondingSourceObject: {fileID: 3573759935865035870, guid: 2c7b36d96fdab4d48b14d0ea2ec0d804,
    type: 3}
  m_PrefabInstance: {fileID: 5299450985138407936}
  m_PrefabAsset: {fileID: 0}
--- !u!1 &8652511294226648989 stripped
GameObject:
  m_CorrespondingSourceObject: {fileID: 3573759936282985885, guid: 2c7b36d96fdab4d48b14d0ea2ec0d804,
    type: 3}
  m_PrefabInstance: {fileID: 5299450985138407936}
  m_PrefabAsset: {fileID: 0}
--- !u!114 &5907014699817119318
MonoBehaviour:
  m_ObjectHideFlags: 0
  m_CorrespondingSourceObject: {fileID: 0}
  m_PrefabInstance: {fileID: 0}
  m_PrefabAsset: {fileID: 0}
  m_GameObject: {fileID: 8652511294226648989}
  m_Enabled: 1
  m_EditorHideFlags: 0
  m_Script: {fileID: 11500000, guid: e52de21a22b6dd44c9cc19f810c65059, type: 3}
  m_Name: 
  m_EditorClassIdentifier: 
  m_Events:
    m_Signals:
    - {fileID: 11400000, guid: 7b7043f8f48190644b929d8cf024fc72, type: 2}
    - {fileID: 11400000, guid: 42c00eb605034cf4b87756e11084f902, type: 2}
    - {fileID: 11400000, guid: 6927522831a89c5459f34f517952c4bc, type: 2}
    - {fileID: 11400000, guid: be6cb3ee522260041828655fd083f6ca, type: 2}
    m_Events:
    - m_PersistentCalls:
        m_Calls:
        - m_Target: {fileID: 1086279376265726790}
          m_TargetAssemblyTypeName: RePiX_VR.ApplicationStage.TranslationMatrixHighlight,
            RePiX_VR
          m_MethodName: TintX
          m_Mode: 1
          m_Arguments:
            m_ObjectArgument: {fileID: 0}
            m_ObjectArgumentAssemblyTypeName: UnityEngine.Object, UnityEngine
            m_IntArgument: 0
            m_FloatArgument: 0
            m_StringArgument: 
            m_BoolArgument: 0
          m_CallState: 2
    - m_PersistentCalls:
        m_Calls:
        - m_Target: {fileID: 1086279376265726790}
          m_TargetAssemblyTypeName: RePiX_VR.ApplicationStage.TranslationMatrixHighlight,
            RePiX_VR
          m_MethodName: TintY
          m_Mode: 1
          m_Arguments:
            m_ObjectArgument: {fileID: 0}
            m_ObjectArgumentAssemblyTypeName: UnityEngine.Object, UnityEngine
            m_IntArgument: 0
            m_FloatArgument: 0
            m_StringArgument: 
            m_BoolArgument: 0
          m_CallState: 2
    - m_PersistentCalls:
        m_Calls:
        - m_Target: {fileID: 1086279376265726790}
          m_TargetAssemblyTypeName: RePiX_VR.ApplicationStage.TranslationMatrixHighlight,
            RePiX_VR
          m_MethodName: TintZ
          m_Mode: 1
          m_Arguments:
            m_ObjectArgument: {fileID: 0}
            m_ObjectArgumentAssemblyTypeName: UnityEngine.Object, UnityEngine
            m_IntArgument: 0
            m_FloatArgument: 0
            m_StringArgument: 
            m_BoolArgument: 0
          m_CallState: 2
    - m_PersistentCalls:
        m_Calls:
        - m_Target: {fileID: 1086279376265726790}
          m_TargetAssemblyTypeName: RePiX_VR.ApplicationStage.TranslationMatrixHighlight,
            RePiX_VR
          m_MethodName: ResetColors
          m_Mode: 1
          m_Arguments:
            m_ObjectArgument: {fileID: 0}
            m_ObjectArgumentAssemblyTypeName: UnityEngine.Object, UnityEngine
            m_IntArgument: 0
            m_FloatArgument: 0
            m_StringArgument: 
            m_BoolArgument: 0
          m_CallState: 2
--- !u!1001 &6016684686696202904
PrefabInstance:
  m_ObjectHideFlags: 0
  serializedVersion: 2
  m_Modification:
    m_TransformParent: {fileID: 497192969946958511}
    m_Modifications:
    - target: {fileID: 6444419105893103887, guid: fe507753e34a3324db8a75b12fd06368,
        type: 3}
      propertyPath: transformReference
      value: 
      objectReference: {fileID: 3458979410865461065}
    - target: {fileID: 7296597391375154922, guid: fe507753e34a3324db8a75b12fd06368,
        type: 3}
      propertyPath: m_Name
      value: Scale Panel
      objectReference: {fileID: 0}
    - target: {fileID: 7296597391375154925, guid: fe507753e34a3324db8a75b12fd06368,
        type: 3}
      propertyPath: m_Pivot.x
      value: 0.5
      objectReference: {fileID: 0}
    - target: {fileID: 7296597391375154925, guid: fe507753e34a3324db8a75b12fd06368,
        type: 3}
      propertyPath: m_Pivot.y
      value: 0.5
      objectReference: {fileID: 0}
    - target: {fileID: 7296597391375154925, guid: fe507753e34a3324db8a75b12fd06368,
        type: 3}
      propertyPath: m_RootOrder
      value: 2
      objectReference: {fileID: 0}
    - target: {fileID: 7296597391375154925, guid: fe507753e34a3324db8a75b12fd06368,
        type: 3}
      propertyPath: m_AnchorMax.x
      value: 0
      objectReference: {fileID: 0}
    - target: {fileID: 7296597391375154925, guid: fe507753e34a3324db8a75b12fd06368,
        type: 3}
      propertyPath: m_AnchorMax.y
      value: 0
      objectReference: {fileID: 0}
    - target: {fileID: 7296597391375154925, guid: fe507753e34a3324db8a75b12fd06368,
        type: 3}
      propertyPath: m_AnchorMin.x
      value: 0
      objectReference: {fileID: 0}
    - target: {fileID: 7296597391375154925, guid: fe507753e34a3324db8a75b12fd06368,
        type: 3}
      propertyPath: m_AnchorMin.y
      value: 0
      objectReference: {fileID: 0}
    - target: {fileID: 7296597391375154925, guid: fe507753e34a3324db8a75b12fd06368,
        type: 3}
      propertyPath: m_SizeDelta.x
      value: 1
      objectReference: {fileID: 0}
    - target: {fileID: 7296597391375154925, guid: fe507753e34a3324db8a75b12fd06368,
        type: 3}
      propertyPath: m_SizeDelta.y
      value: 1
      objectReference: {fileID: 0}
    - target: {fileID: 7296597391375154925, guid: fe507753e34a3324db8a75b12fd06368,
        type: 3}
      propertyPath: m_LocalPosition.x
      value: 0
      objectReference: {fileID: 0}
    - target: {fileID: 7296597391375154925, guid: fe507753e34a3324db8a75b12fd06368,
        type: 3}
      propertyPath: m_LocalPosition.y
      value: 0
      objectReference: {fileID: 0}
    - target: {fileID: 7296597391375154925, guid: fe507753e34a3324db8a75b12fd06368,
        type: 3}
      propertyPath: m_LocalPosition.z
      value: -0.7999995
      objectReference: {fileID: 0}
    - target: {fileID: 7296597391375154925, guid: fe507753e34a3324db8a75b12fd06368,
        type: 3}
      propertyPath: m_LocalRotation.w
      value: 1
      objectReference: {fileID: 0}
    - target: {fileID: 7296597391375154925, guid: fe507753e34a3324db8a75b12fd06368,
        type: 3}
      propertyPath: m_LocalRotation.x
      value: -0
      objectReference: {fileID: 0}
    - target: {fileID: 7296597391375154925, guid: fe507753e34a3324db8a75b12fd06368,
        type: 3}
      propertyPath: m_LocalRotation.y
      value: -0
      objectReference: {fileID: 0}
    - target: {fileID: 7296597391375154925, guid: fe507753e34a3324db8a75b12fd06368,
        type: 3}
      propertyPath: m_LocalRotation.z
      value: -0
      objectReference: {fileID: 0}
    - target: {fileID: 7296597391375154925, guid: fe507753e34a3324db8a75b12fd06368,
        type: 3}
      propertyPath: m_AnchoredPosition.x
      value: 0.4399997
      objectReference: {fileID: 0}
    - target: {fileID: 7296597391375154925, guid: fe507753e34a3324db8a75b12fd06368,
        type: 3}
      propertyPath: m_AnchoredPosition.y
      value: -3.32
      objectReference: {fileID: 0}
    - target: {fileID: 7296597391375154925, guid: fe507753e34a3324db8a75b12fd06368,
        type: 3}
      propertyPath: m_LocalEulerAnglesHint.x
      value: 0
      objectReference: {fileID: 0}
    - target: {fileID: 7296597391375154925, guid: fe507753e34a3324db8a75b12fd06368,
        type: 3}
      propertyPath: m_LocalEulerAnglesHint.y
      value: 0
      objectReference: {fileID: 0}
    - target: {fileID: 7296597391375154925, guid: fe507753e34a3324db8a75b12fd06368,
        type: 3}
      propertyPath: m_LocalEulerAnglesHint.z
      value: 0
      objectReference: {fileID: 0}
    m_RemovedComponents: []
  m_SourcePrefab: {fileID: 100100000, guid: fe507753e34a3324db8a75b12fd06368, type: 3}
--- !u!114 &2236720427522559080 stripped
MonoBehaviour:
  m_CorrespondingSourceObject: {fileID: 5509560101060005616, guid: fe507753e34a3324db8a75b12fd06368,
    type: 3}
  m_PrefabInstance: {fileID: 6016684686696202904}
  m_PrefabAsset: {fileID: 0}
  m_GameObject: {fileID: 3908339920293586358}
  m_Enabled: 1
  m_EditorHideFlags: 0
  m_Script: {fileID: 11500000, guid: 5b7750c031f830e4c98f8b53c5f13f11, type: 3}
  m_Name: 
  m_EditorClassIdentifier: 
--- !u!1 &3908339920293586358 stripped
GameObject:
  m_CorrespondingSourceObject: {fileID: 7296597390983472942, guid: fe507753e34a3324db8a75b12fd06368,
    type: 3}
  m_PrefabInstance: {fileID: 6016684686696202904}
  m_PrefabAsset: {fileID: 0}
--- !u!114 &6411246170904410555
MonoBehaviour:
  m_ObjectHideFlags: 0
  m_CorrespondingSourceObject: {fileID: 0}
  m_PrefabInstance: {fileID: 0}
  m_PrefabAsset: {fileID: 0}
  m_GameObject: {fileID: 3908339920293586358}
  m_Enabled: 1
  m_EditorHideFlags: 0
  m_Script: {fileID: 11500000, guid: e52de21a22b6dd44c9cc19f810c65059, type: 3}
  m_Name: 
  m_EditorClassIdentifier: 
  m_Events:
    m_Signals:
    - {fileID: 11400000, guid: be6cb3ee522260041828655fd083f6ca, type: 2}
    - {fileID: 11400000, guid: 7b7043f8f48190644b929d8cf024fc72, type: 2}
    - {fileID: 11400000, guid: 42c00eb605034cf4b87756e11084f902, type: 2}
    - {fileID: 11400000, guid: 6927522831a89c5459f34f517952c4bc, type: 2}
    m_Events:
    - m_PersistentCalls:
        m_Calls:
        - m_Target: {fileID: 2236720427522559080}
          m_TargetAssemblyTypeName: RePiX_VR.ApplicationStage.ScaleMatrixHighlight,
            RePiX_VR
          m_MethodName: ResetColors
          m_Mode: 1
          m_Arguments:
            m_ObjectArgument: {fileID: 0}
            m_ObjectArgumentAssemblyTypeName: UnityEngine.Object, UnityEngine
            m_IntArgument: 0
            m_FloatArgument: 0
            m_StringArgument: 
            m_BoolArgument: 0
          m_CallState: 2
    - m_PersistentCalls:
        m_Calls:
        - m_Target: {fileID: 2236720427522559080}
          m_TargetAssemblyTypeName: RePiX_VR.ApplicationStage.ScaleMatrixHighlight,
            RePiX_VR
          m_MethodName: TintX
          m_Mode: 1
          m_Arguments:
            m_ObjectArgument: {fileID: 0}
            m_ObjectArgumentAssemblyTypeName: UnityEngine.Object, UnityEngine
            m_IntArgument: 0
            m_FloatArgument: 0
            m_StringArgument: 
            m_BoolArgument: 0
          m_CallState: 2
    - m_PersistentCalls:
        m_Calls:
        - m_Target: {fileID: 2236720427522559080}
          m_TargetAssemblyTypeName: RePiX_VR.ApplicationStage.ScaleMatrixHighlight,
            RePiX_VR
          m_MethodName: TintY
          m_Mode: 1
          m_Arguments:
            m_ObjectArgument: {fileID: 0}
            m_ObjectArgumentAssemblyTypeName: UnityEngine.Object, UnityEngine
            m_IntArgument: 0
            m_FloatArgument: 0
            m_StringArgument: 
            m_BoolArgument: 0
          m_CallState: 2
    - m_PersistentCalls:
        m_Calls:
        - m_Target: {fileID: 2236720427522559080}
          m_TargetAssemblyTypeName: RePiX_VR.ApplicationStage.ScaleMatrixHighlight,
            RePiX_VR
          m_MethodName: TintZ
          m_Mode: 1
          m_Arguments:
            m_ObjectArgument: {fileID: 0}
            m_ObjectArgumentAssemblyTypeName: UnityEngine.Object, UnityEngine
            m_IntArgument: 0
            m_FloatArgument: 0
            m_StringArgument: 
            m_BoolArgument: 0
          m_CallState: 2
--- !u!224 &3908339920686185589 stripped
RectTransform:
  m_CorrespondingSourceObject: {fileID: 7296597391375154925, guid: fe507753e34a3324db8a75b12fd06368,
    type: 3}
  m_PrefabInstance: {fileID: 6016684686696202904}
  m_PrefabAsset: {fileID: 0}
--- !u!1001 &6109557422322051297
PrefabInstance:
  m_ObjectHideFlags: 0
  serializedVersion: 2
  m_Modification:
    m_TransformParent: {fileID: 1475900312300801247}
    m_Modifications:
    - target: {fileID: 330604191623247185, guid: 6d821b4635f3497478f71ea39233379d,
        type: 3}
      propertyPath: m_LocalRotation.w
      value: 0.99668694
      objectReference: {fileID: 0}
    - target: {fileID: 330604191623247185, guid: 6d821b4635f3497478f71ea39233379d,
        type: 3}
      propertyPath: m_LocalRotation.x
      value: -0
      objectReference: {fileID: 0}
    - target: {fileID: 330604191623247185, guid: 6d821b4635f3497478f71ea39233379d,
        type: 3}
      propertyPath: m_LocalRotation.y
      value: 0.081333876
      objectReference: {fileID: 0}
    - target: {fileID: 330604191623247185, guid: 6d821b4635f3497478f71ea39233379d,
        type: 3}
      propertyPath: m_LocalRotation.z
      value: -0
      objectReference: {fileID: 0}
    - target: {fileID: 330604191623247185, guid: 6d821b4635f3497478f71ea39233379d,
        type: 3}
      propertyPath: m_LocalEulerAnglesHint.y
      value: 9.330001
      objectReference: {fileID: 0}
    - target: {fileID: 330604191719827315, guid: 6d821b4635f3497478f71ea39233379d,
        type: 3}
      propertyPath: m_PresetInfoIsWorld
      value: 1
      objectReference: {fileID: 0}
    - target: {fileID: 379957090773189577, guid: 6d821b4635f3497478f71ea39233379d,
        type: 3}
      propertyPath: flipX
      value: 0
      objectReference: {fileID: 0}
    - target: {fileID: 379957090773189577, guid: 6d821b4635f3497478f71ea39233379d,
        type: 3}
      propertyPath: ignoreXAxis
      value: 1
      objectReference: {fileID: 0}
    - target: {fileID: 379957090773189577, guid: 6d821b4635f3497478f71ea39233379d,
        type: 3}
      propertyPath: ignoreYAxis
      value: 1
      objectReference: {fileID: 0}
    - target: {fileID: 379957091452610388, guid: 6d821b4635f3497478f71ea39233379d,
        type: 3}
      propertyPath: flipX
      value: 0
      objectReference: {fileID: 0}
    - target: {fileID: 379957091452610388, guid: 6d821b4635f3497478f71ea39233379d,
        type: 3}
      propertyPath: ignoreXAxis
      value: 1
      objectReference: {fileID: 0}
    - target: {fileID: 379957091452610388, guid: 6d821b4635f3497478f71ea39233379d,
        type: 3}
      propertyPath: ignoreYAxis
      value: 1
      objectReference: {fileID: 0}
    - target: {fileID: 379957092150254992, guid: 6d821b4635f3497478f71ea39233379d,
        type: 3}
      propertyPath: flipX
      value: 0
      objectReference: {fileID: 0}
    - target: {fileID: 379957092150254992, guid: 6d821b4635f3497478f71ea39233379d,
        type: 3}
      propertyPath: ignoreXAxis
      value: 1
      objectReference: {fileID: 0}
    - target: {fileID: 379957092150254992, guid: 6d821b4635f3497478f71ea39233379d,
        type: 3}
      propertyPath: ignoreYAxis
      value: 1
      objectReference: {fileID: 0}
    - target: {fileID: 379957092650861573, guid: 6d821b4635f3497478f71ea39233379d,
        type: 3}
      propertyPath: flipX
      value: 0
      objectReference: {fileID: 0}
    - target: {fileID: 379957092650861573, guid: 6d821b4635f3497478f71ea39233379d,
        type: 3}
      propertyPath: ignoreXAxis
      value: 1
      objectReference: {fileID: 0}
    - target: {fileID: 379957092650861573, guid: 6d821b4635f3497478f71ea39233379d,
        type: 3}
      propertyPath: ignoreYAxis
      value: 1
      objectReference: {fileID: 0}
    - target: {fileID: 379957092837382868, guid: 6d821b4635f3497478f71ea39233379d,
        type: 3}
      propertyPath: flipX
      value: 0
      objectReference: {fileID: 0}
    - target: {fileID: 379957092837382868, guid: 6d821b4635f3497478f71ea39233379d,
        type: 3}
      propertyPath: ignoreXAxis
      value: 1
      objectReference: {fileID: 0}
    - target: {fileID: 379957092837382868, guid: 6d821b4635f3497478f71ea39233379d,
        type: 3}
      propertyPath: ignoreYAxis
      value: 1
      objectReference: {fileID: 0}
    - target: {fileID: 2386558618977715293, guid: 6d821b4635f3497478f71ea39233379d,
        type: 3}
      propertyPath: flipX
      value: 0
      objectReference: {fileID: 0}
    - target: {fileID: 2386558618977715293, guid: 6d821b4635f3497478f71ea39233379d,
        type: 3}
      propertyPath: ignoreXAxis
      value: 1
      objectReference: {fileID: 0}
    - target: {fileID: 2386558618977715293, guid: 6d821b4635f3497478f71ea39233379d,
        type: 3}
      propertyPath: ignoreYAxis
      value: 1
      objectReference: {fileID: 0}
    - target: {fileID: 3916855149506983462, guid: 6d821b4635f3497478f71ea39233379d,
        type: 3}
      propertyPath: m_LocalRotation.w
      value: 0.99668694
      objectReference: {fileID: 0}
    - target: {fileID: 3916855149506983462, guid: 6d821b4635f3497478f71ea39233379d,
        type: 3}
      propertyPath: m_LocalRotation.x
      value: -0
      objectReference: {fileID: 0}
    - target: {fileID: 3916855149506983462, guid: 6d821b4635f3497478f71ea39233379d,
        type: 3}
      propertyPath: m_LocalRotation.y
      value: 0.081333876
      objectReference: {fileID: 0}
    - target: {fileID: 3916855149506983462, guid: 6d821b4635f3497478f71ea39233379d,
        type: 3}
      propertyPath: m_LocalRotation.z
      value: -0
      objectReference: {fileID: 0}
    - target: {fileID: 3916855149506983462, guid: 6d821b4635f3497478f71ea39233379d,
        type: 3}
      propertyPath: m_LocalEulerAnglesHint.y
      value: 9.330001
      objectReference: {fileID: 0}
    - target: {fileID: 3916855149640694977, guid: 6d821b4635f3497478f71ea39233379d,
        type: 3}
      propertyPath: m_LocalRotation.w
      value: 0.99668694
      objectReference: {fileID: 0}
    - target: {fileID: 3916855149640694977, guid: 6d821b4635f3497478f71ea39233379d,
        type: 3}
      propertyPath: m_LocalRotation.x
      value: -0
      objectReference: {fileID: 0}
    - target: {fileID: 3916855149640694977, guid: 6d821b4635f3497478f71ea39233379d,
        type: 3}
      propertyPath: m_LocalRotation.y
      value: 0.081333876
      objectReference: {fileID: 0}
    - target: {fileID: 3916855149640694977, guid: 6d821b4635f3497478f71ea39233379d,
        type: 3}
      propertyPath: m_LocalRotation.z
      value: -0
      objectReference: {fileID: 0}
    - target: {fileID: 3916855149640694977, guid: 6d821b4635f3497478f71ea39233379d,
        type: 3}
      propertyPath: m_LocalEulerAnglesHint.y
      value: 9.330001
      objectReference: {fileID: 0}
    - target: {fileID: 3916855149744102821, guid: 6d821b4635f3497478f71ea39233379d,
        type: 3}
      propertyPath: m_LocalRotation.w
      value: 0.99668694
      objectReference: {fileID: 0}
    - target: {fileID: 3916855149744102821, guid: 6d821b4635f3497478f71ea39233379d,
        type: 3}
      propertyPath: m_LocalRotation.x
      value: -0
      objectReference: {fileID: 0}
    - target: {fileID: 3916855149744102821, guid: 6d821b4635f3497478f71ea39233379d,
        type: 3}
      propertyPath: m_LocalRotation.y
      value: 0.081333876
      objectReference: {fileID: 0}
    - target: {fileID: 3916855149744102821, guid: 6d821b4635f3497478f71ea39233379d,
        type: 3}
      propertyPath: m_LocalRotation.z
      value: -0
      objectReference: {fileID: 0}
    - target: {fileID: 3916855149744102821, guid: 6d821b4635f3497478f71ea39233379d,
        type: 3}
      propertyPath: m_LocalEulerAnglesHint.y
      value: 9.330001
      objectReference: {fileID: 0}
    - target: {fileID: 3916855150894379183, guid: 6d821b4635f3497478f71ea39233379d,
        type: 3}
      propertyPath: m_LocalRotation.w
      value: 0.99668694
      objectReference: {fileID: 0}
    - target: {fileID: 3916855150894379183, guid: 6d821b4635f3497478f71ea39233379d,
        type: 3}
      propertyPath: m_LocalRotation.x
      value: -0
      objectReference: {fileID: 0}
    - target: {fileID: 3916855150894379183, guid: 6d821b4635f3497478f71ea39233379d,
        type: 3}
      propertyPath: m_LocalRotation.y
      value: 0.081333876
      objectReference: {fileID: 0}
    - target: {fileID: 3916855150894379183, guid: 6d821b4635f3497478f71ea39233379d,
        type: 3}
      propertyPath: m_LocalRotation.z
      value: -0
      objectReference: {fileID: 0}
    - target: {fileID: 3916855150894379183, guid: 6d821b4635f3497478f71ea39233379d,
        type: 3}
      propertyPath: m_LocalEulerAnglesHint.y
      value: 9.330001
      objectReference: {fileID: 0}
    - target: {fileID: 3916855150989022747, guid: 6d821b4635f3497478f71ea39233379d,
        type: 3}
      propertyPath: m_LocalRotation.w
      value: 0.99668694
      objectReference: {fileID: 0}
    - target: {fileID: 3916855150989022747, guid: 6d821b4635f3497478f71ea39233379d,
        type: 3}
      propertyPath: m_LocalRotation.x
      value: -0
      objectReference: {fileID: 0}
    - target: {fileID: 3916855150989022747, guid: 6d821b4635f3497478f71ea39233379d,
        type: 3}
      propertyPath: m_LocalRotation.y
      value: 0.081333876
      objectReference: {fileID: 0}
    - target: {fileID: 3916855150989022747, guid: 6d821b4635f3497478f71ea39233379d,
        type: 3}
      propertyPath: m_LocalRotation.z
      value: -0
      objectReference: {fileID: 0}
    - target: {fileID: 3916855150989022747, guid: 6d821b4635f3497478f71ea39233379d,
        type: 3}
      propertyPath: m_LocalEulerAnglesHint.y
      value: 9.330001
      objectReference: {fileID: 0}
    - target: {fileID: 6038340288775165528, guid: 6d821b4635f3497478f71ea39233379d,
        type: 3}
      propertyPath: m_Name
      value: Coordinate System
      objectReference: {fileID: 0}
    - target: {fileID: 6038340288775165535, guid: 6d821b4635f3497478f71ea39233379d,
        type: 3}
      propertyPath: m_RootOrder
      value: 0
      objectReference: {fileID: 0}
    - target: {fileID: 6038340288775165535, guid: 6d821b4635f3497478f71ea39233379d,
        type: 3}
      propertyPath: m_LocalScale.x
      value: 0.03333334
      objectReference: {fileID: 0}
    - target: {fileID: 6038340288775165535, guid: 6d821b4635f3497478f71ea39233379d,
        type: 3}
      propertyPath: m_LocalScale.y
      value: 0.033333335
      objectReference: {fileID: 0}
    - target: {fileID: 6038340288775165535, guid: 6d821b4635f3497478f71ea39233379d,
        type: 3}
      propertyPath: m_LocalScale.z
      value: 0.03333334
      objectReference: {fileID: 0}
    - target: {fileID: 6038340288775165535, guid: 6d821b4635f3497478f71ea39233379d,
        type: 3}
      propertyPath: m_LocalPosition.x
      value: 0
      objectReference: {fileID: 0}
    - target: {fileID: 6038340288775165535, guid: 6d821b4635f3497478f71ea39233379d,
        type: 3}
      propertyPath: m_LocalPosition.y
      value: 0
      objectReference: {fileID: 0}
    - target: {fileID: 6038340288775165535, guid: 6d821b4635f3497478f71ea39233379d,
        type: 3}
      propertyPath: m_LocalPosition.z
      value: 0
      objectReference: {fileID: 0}
    - target: {fileID: 6038340288775165535, guid: 6d821b4635f3497478f71ea39233379d,
        type: 3}
      propertyPath: m_LocalRotation.w
      value: 1
      objectReference: {fileID: 0}
    - target: {fileID: 6038340288775165535, guid: 6d821b4635f3497478f71ea39233379d,
        type: 3}
      propertyPath: m_LocalRotation.x
      value: -0
      objectReference: {fileID: 0}
    - target: {fileID: 6038340288775165535, guid: 6d821b4635f3497478f71ea39233379d,
        type: 3}
      propertyPath: m_LocalRotation.y
      value: -0
      objectReference: {fileID: 0}
    - target: {fileID: 6038340288775165535, guid: 6d821b4635f3497478f71ea39233379d,
        type: 3}
      propertyPath: m_LocalRotation.z
      value: -0
      objectReference: {fileID: 0}
    - target: {fileID: 6038340288775165535, guid: 6d821b4635f3497478f71ea39233379d,
        type: 3}
      propertyPath: m_LocalEulerAnglesHint.x
      value: 0
      objectReference: {fileID: 0}
    - target: {fileID: 6038340288775165535, guid: 6d821b4635f3497478f71ea39233379d,
        type: 3}
      propertyPath: m_LocalEulerAnglesHint.y
      value: 0
      objectReference: {fileID: 0}
    - target: {fileID: 6038340288775165535, guid: 6d821b4635f3497478f71ea39233379d,
        type: 3}
      propertyPath: m_LocalEulerAnglesHint.z
      value: 0
      objectReference: {fileID: 0}
    - target: {fileID: 6038340289004689283, guid: 6d821b4635f3497478f71ea39233379d,
        type: 3}
      propertyPath: m_Mesh
      value: 
      objectReference: {fileID: 0}
    - target: {fileID: 6038340289004689309, guid: 6d821b4635f3497478f71ea39233379d,
        type: 3}
      propertyPath: m_Mesh
      value: 
      objectReference: {fileID: 0}
    - target: {fileID: 6038340289004689309, guid: 6d821b4635f3497478f71ea39233379d,
        type: 3}
      propertyPath: m_VersionIndex
      value: 963
      objectReference: {fileID: 0}
    - target: {fileID: 6038340289004689309, guid: 6d821b4635f3497478f71ea39233379d,
        type: 3}
      propertyPath: m_MeshFormatVersion
      value: 2
      objectReference: {fileID: 0}
    - target: {fileID: 6038340289684270195, guid: 6d821b4635f3497478f71ea39233379d,
        type: 3}
      propertyPath: m_Mesh
      value: 
      objectReference: {fileID: 0}
    - target: {fileID: 6038340289684270221, guid: 6d821b4635f3497478f71ea39233379d,
        type: 3}
      propertyPath: m_Mesh
      value: 
      objectReference: {fileID: 0}
    - target: {fileID: 6038340289684270221, guid: 6d821b4635f3497478f71ea39233379d,
        type: 3}
      propertyPath: m_VersionIndex
      value: 963
      objectReference: {fileID: 0}
    - target: {fileID: 6038340289684270221, guid: 6d821b4635f3497478f71ea39233379d,
        type: 3}
      propertyPath: m_MeshFormatVersion
      value: 2
      objectReference: {fileID: 0}
    - target: {fileID: 8617457691728302864, guid: 6d821b4635f3497478f71ea39233379d,
        type: 3}
      propertyPath: m_Mesh
      value: 
      objectReference: {fileID: 0}
    - target: {fileID: 8617457691728302866, guid: 6d821b4635f3497478f71ea39233379d,
        type: 3}
      propertyPath: m_Mesh
      value: 
      objectReference: {fileID: 0}
    - target: {fileID: 8617457691728302866, guid: 6d821b4635f3497478f71ea39233379d,
        type: 3}
      propertyPath: m_VersionIndex
      value: 966
      objectReference: {fileID: 0}
    - target: {fileID: 8617457691728302866, guid: 6d821b4635f3497478f71ea39233379d,
        type: 3}
      propertyPath: m_MeshFormatVersion
      value: 2
      objectReference: {fileID: 0}
    - target: {fileID: 8617457691820904109, guid: 6d821b4635f3497478f71ea39233379d,
        type: 3}
      propertyPath: m_Mesh
      value: 
      objectReference: {fileID: 0}
    - target: {fileID: 8617457691820904111, guid: 6d821b4635f3497478f71ea39233379d,
        type: 3}
      propertyPath: m_Mesh
      value: 
      objectReference: {fileID: 0}
    - target: {fileID: 8617457691820904111, guid: 6d821b4635f3497478f71ea39233379d,
        type: 3}
      propertyPath: m_VersionIndex
      value: 966
      objectReference: {fileID: 0}
    - target: {fileID: 8617457691820904111, guid: 6d821b4635f3497478f71ea39233379d,
        type: 3}
      propertyPath: m_MeshFormatVersion
      value: 2
      objectReference: {fileID: 0}
    - target: {fileID: 8617457692015001212, guid: 6d821b4635f3497478f71ea39233379d,
        type: 3}
      propertyPath: m_Mesh
      value: 
      objectReference: {fileID: 0}
    - target: {fileID: 8617457692015001214, guid: 6d821b4635f3497478f71ea39233379d,
        type: 3}
      propertyPath: m_Mesh
      value: 
      objectReference: {fileID: 0}
    - target: {fileID: 8617457692015001214, guid: 6d821b4635f3497478f71ea39233379d,
        type: 3}
      propertyPath: m_VersionIndex
      value: 966
      objectReference: {fileID: 0}
    - target: {fileID: 8617457692015001214, guid: 6d821b4635f3497478f71ea39233379d,
        type: 3}
      propertyPath: m_MeshFormatVersion
      value: 2
      objectReference: {fileID: 0}
    - target: {fileID: 8617457692097630970, guid: 6d821b4635f3497478f71ea39233379d,
        type: 3}
      propertyPath: m_Mesh
      value: 
      objectReference: {fileID: 0}
    - target: {fileID: 8617457692097630972, guid: 6d821b4635f3497478f71ea39233379d,
        type: 3}
      propertyPath: m_Mesh
      value: 
      objectReference: {fileID: 0}
    - target: {fileID: 8617457692097630972, guid: 6d821b4635f3497478f71ea39233379d,
        type: 3}
      propertyPath: m_VersionIndex
      value: 963
      objectReference: {fileID: 0}
    - target: {fileID: 8617457692097630972, guid: 6d821b4635f3497478f71ea39233379d,
        type: 3}
      propertyPath: m_MeshFormatVersion
      value: 2
      objectReference: {fileID: 0}
    - target: {fileID: 8617457692284389345, guid: 6d821b4635f3497478f71ea39233379d,
        type: 3}
      propertyPath: m_Mesh
      value: 
      objectReference: {fileID: 0}
    - target: {fileID: 8617457692284389345, guid: 6d821b4635f3497478f71ea39233379d,
        type: 3}
      propertyPath: m_VersionIndex
      value: 963
      objectReference: {fileID: 0}
    - target: {fileID: 8617457692284389345, guid: 6d821b4635f3497478f71ea39233379d,
        type: 3}
      propertyPath: m_MeshFormatVersion
      value: 2
      objectReference: {fileID: 0}
    - target: {fileID: 8617457692284389359, guid: 6d821b4635f3497478f71ea39233379d,
        type: 3}
      propertyPath: m_Mesh
      value: 
      objectReference: {fileID: 0}
    - target: {fileID: 8617457692464389687, guid: 6d821b4635f3497478f71ea39233379d,
        type: 3}
      propertyPath: m_Mesh
      value: 
      objectReference: {fileID: 0}
    - target: {fileID: 8617457692464389833, guid: 6d821b4635f3497478f71ea39233379d,
        type: 3}
      propertyPath: m_Mesh
      value: 
      objectReference: {fileID: 0}
    - target: {fileID: 8617457692464389833, guid: 6d821b4635f3497478f71ea39233379d,
        type: 3}
      propertyPath: m_VersionIndex
      value: 963
      objectReference: {fileID: 0}
    - target: {fileID: 8617457692464389833, guid: 6d821b4635f3497478f71ea39233379d,
        type: 3}
      propertyPath: m_MeshFormatVersion
      value: 2
      objectReference: {fileID: 0}
    - target: {fileID: 8617457692478505629, guid: 6d821b4635f3497478f71ea39233379d,
        type: 3}
      propertyPath: m_Mesh
      value: 
      objectReference: {fileID: 0}
    - target: {fileID: 8617457692478505631, guid: 6d821b4635f3497478f71ea39233379d,
        type: 3}
      propertyPath: m_Mesh
      value: 
      objectReference: {fileID: 0}
    - target: {fileID: 8617457692478505631, guid: 6d821b4635f3497478f71ea39233379d,
        type: 3}
      propertyPath: m_VersionIndex
      value: 966
      objectReference: {fileID: 0}
    - target: {fileID: 8617457692478505631, guid: 6d821b4635f3497478f71ea39233379d,
        type: 3}
      propertyPath: m_MeshFormatVersion
      value: 2
      objectReference: {fileID: 0}
    - target: {fileID: 8617457692644530802, guid: 6d821b4635f3497478f71ea39233379d,
        type: 3}
      propertyPath: m_Mesh
      value: 
      objectReference: {fileID: 0}
    - target: {fileID: 8617457692644530804, guid: 6d821b4635f3497478f71ea39233379d,
        type: 3}
      propertyPath: m_Mesh
      value: 
      objectReference: {fileID: 0}
    - target: {fileID: 8617457692644530804, guid: 6d821b4635f3497478f71ea39233379d,
        type: 3}
      propertyPath: m_VersionIndex
      value: 963
      objectReference: {fileID: 0}
    - target: {fileID: 8617457692644530804, guid: 6d821b4635f3497478f71ea39233379d,
        type: 3}
      propertyPath: m_MeshFormatVersion
      value: 2
      objectReference: {fileID: 0}
    - target: {fileID: 8617457693166399610, guid: 6d821b4635f3497478f71ea39233379d,
        type: 3}
      propertyPath: m_Mesh
      value: 
      objectReference: {fileID: 0}
    - target: {fileID: 8617457693166399612, guid: 6d821b4635f3497478f71ea39233379d,
        type: 3}
      propertyPath: m_Mesh
      value: 
      objectReference: {fileID: 0}
    - target: {fileID: 8617457693166399612, guid: 6d821b4635f3497478f71ea39233379d,
        type: 3}
      propertyPath: m_VersionIndex
      value: 963
      objectReference: {fileID: 0}
    - target: {fileID: 8617457693166399612, guid: 6d821b4635f3497478f71ea39233379d,
        type: 3}
      propertyPath: m_MeshFormatVersion
      value: 2
      objectReference: {fileID: 0}
    - target: {fileID: 8617457693465486268, guid: 6d821b4635f3497478f71ea39233379d,
        type: 3}
      propertyPath: m_Mesh
      value: 
      objectReference: {fileID: 0}
    - target: {fileID: 8617457693465486270, guid: 6d821b4635f3497478f71ea39233379d,
        type: 3}
      propertyPath: m_Mesh
      value: 
      objectReference: {fileID: 0}
    - target: {fileID: 8617457693465486270, guid: 6d821b4635f3497478f71ea39233379d,
        type: 3}
      propertyPath: m_VersionIndex
      value: 963
      objectReference: {fileID: 0}
    - target: {fileID: 8617457693465486270, guid: 6d821b4635f3497478f71ea39233379d,
        type: 3}
      propertyPath: m_MeshFormatVersion
      value: 2
      objectReference: {fileID: 0}
    m_RemovedComponents: []
  m_SourcePrefab: {fileID: 100100000, guid: 6d821b4635f3497478f71ea39233379d, type: 3}
--- !u!4 &506088276286045886 stripped
Transform:
  m_CorrespondingSourceObject: {fileID: 6038340288775165535, guid: 6d821b4635f3497478f71ea39233379d,
    type: 3}
  m_PrefabInstance: {fileID: 6109557422322051297}
  m_PrefabAsset: {fileID: 0}
